Workbook

Sheet СВОД 2022 ГОД
A1: Основные показатели финансовой деятельности организации образования
A2: по состоянию на "1 "апреля 2022 г.
A4: СВОД
A5: (наименование организации образования)
A7: Периодичность: ежеквартально
A9: Среднее образование | B9: ед. изм. | C9: 2022 год
C10: годовой план | D10: план на период | E10: факт | F10: годовой план
A11: 1. Среднегодовой контингент обучающиеся | B11: чел. | C11: ='СШ №1'!C11+'СШ №2'!C11+'Макинская СШ'!C11+'Казгородокска СШ '!C11+'Донская СШ'!C11+'Амангельдинская СШ'!C11+'Невская СШ'!C11+'Саулинская СШ'!C11+'Енбекшильдерская СШ'!C11+'Буландинская СШ'!C11+'Когамская СШ'!C11+'Бирсуатская СШ'!C11+'Кенащинская СШ'!C11+'Мамайская ОШ'!C11+'Заураловская ОШ'!C11+'Макпальская ОШ'!C11+'Баймурзинская ОШ'!C11+'Советская ОШ'!C11+'Заозерновская ОШ'!C11+'Кызыл-Уюмская ОШ'!C11+'Яблоновская ОШ'!C11+'Алгинская ОШ'!C11+'Краснофлотская ОШ'!C11+'Кудку агашСШ'!C11+'Каратальская НШ'!C11+'Джукейская НШ'!C11+'Трудовая НШ'!C11 -> 1726 | D11: ='СШ №1'!D11+'СШ №2'!D11+'Макинская СШ'!D11+'Казгородокска СШ '!D11+'Донская СШ'!D11+'Амангельдинская СШ'!D11+'Невская СШ'!D11+'Саулинская СШ'!D11+'Енбекшильдерская СШ'!D11+'Буландинская СШ'!D11+'Когамская СШ'!D11+'Бирсуатская СШ'!D11+'Кенащинская СШ'!D11+'Мамайская ОШ'!D11+'Заураловская ОШ'!D11+'Макпальская ОШ'!D11+'Баймурзинская ОШ'!D11+'Советская ОШ'!D11+'Заозерновская ОШ'!D11+'Кызыл-Уюмская ОШ'!D11+'Яблоновская ОШ'!D11+'Алгинская ОШ'!D11+'Краснофлотская ОШ'!D11+'Кудку агашСШ'!D11+'Каратальская НШ'!D11+'Джукейская НШ'!D11+'Трудовая НШ'!D11 -> 1726 | E11: ='СШ №1'!E11+'СШ №2'!E11+'Макинская СШ'!E11+'Казгородокска СШ '!E11+'Донская СШ'!E11+'Амангельдинская СШ'!E11+'Невская СШ'!E11+'Саулинская СШ'!E11+'Енбекшильдерская СШ'!E11+'Буландинская СШ'!E11+'Когамская СШ'!E11+'Бирсуатская СШ'!E11+'Кенащинская СШ'!E11+'Мамайская ОШ'!E11+'Заураловская ОШ'!E11+'Макпальская ОШ'!E11+'Баймурзинская ОШ'!E11+'Советская ОШ'!E11+'Заозерновская ОШ'!E11+'Кызыл-Уюмская ОШ'!E11+'Яблоновская ОШ'!E11+'Алгинская ОШ'!E11+'Краснофлотская ОШ'!E11+'Кудку агашСШ'!E11+'Каратальская НШ'!E11+'Джукейская НШ'!E11+'Трудовая НШ'!E11 -> 1726 | F11: 1726
A12: средний расход на 1-го обучающегося | B12: тыс. тенге | C12: =(C13-C32)/C11 -> 1538.7323 | D12: =(D13-D32)/D11 -> 439.84755 | E12: =(E13-E32)/E11 -> 439.67373 | F12: =(F13-F32)/F11 -> 1538.7323
A13: 2. Всего расходы, тыс.тенге | B13: тыс. тенге | C13: ='Трудовая НШ'!C13+'Джукейская НШ'!C13+'Каратальская НШ'!C13+'Краснофлотская ОШ'!C13+'Алгинская ОШ'!C13+'Яблоновская ОШ'!C13+'Кызыл-Уюмская ОШ'!C13+'Заозерновская ОШ'!C13+'Советская ОШ'!C13+'Баймурзинская ОШ'!C13+'Макпальская ОШ'!C13+'Заураловская ОШ'!C13+'Мамайская ОШ'!C13+'Кенащинская СШ'!C13+'Бирсуатская СШ'!C13+'Когамская СШ'!C13+'Буландинская СШ'!C13+'Енбекшильдерская СШ'!C13+'Саулинская СШ'!C13+'Кудку агашСШ'!C13+'Невская СШ'!C13+'Амангельдинская СШ'!C13+'Донская СШ'!C13+'Макинская СШ'!C13+'Казгородокска СШ '!C13 -> 2720555.9 | D13: ='СШ №1'!D13+'СШ №2'!D13+'Макинская СШ'!D13+'Казгородокска СШ '!D13+'Донская СШ'!D13+'Амангельдинская СШ'!D13+'Невская СШ'!D13+'Саулинская СШ'!D13+'Енбекшильдерская СШ'!D13+'Буландинская СШ'!D13+'Когамская СШ'!D13+'Бирсуатская СШ'!D13+'Кенащинская СШ'!D13+'Мамайская ОШ'!D13+'Заураловская ОШ'!D13+'Макпальская ОШ'!D13+'Баймурзинская ОШ'!D13+'Советская ОШ'!D13+'Заозерновская ОШ'!D13+'Кызыл-Уюмская ОШ'!D13+'Яблоновская ОШ'!D13+'Алгинская ОШ'!D13+'Краснофлотская ОШ'!D13+'Кудку агашСШ'!D13+'Каратальская НШ'!D13+'Джукейская НШ'!D13+'Трудовая НШ'!D13 -> 780500.11 | E13: ='СШ №1'!E13+'СШ №2'!E13+'Макинская СШ'!E13+'Казгородокска СШ '!E13+'Донская СШ'!E13+'Амангельдинская СШ'!E13+'Невская СШ'!E13+'Саулинская СШ'!E13+'Енбекшильдерская СШ'!E13+'Буландинская СШ'!E13+'Когамская СШ'!E13+'Бирсуатская СШ'!E13+'Кенащинская СШ'!E13+'Мамайская ОШ'!E13+'Заураловская ОШ'!E13+'Макпальская ОШ'!E13+'Баймурзинская ОШ'!E13+'Советская ОШ'!E13+'Заозерновская ОШ'!E13+'Кызыл-Уюмская ОШ'!E13+'Яблоновская ОШ'!E13+'Алгинская ОШ'!E13+'Краснофлотская ОШ'!E13+'Кудку агашСШ'!E13+'Каратальская НШ'!E13+'Джукейская НШ'!E13+'Трудовая НШ'!E13 -> 779063.86 | F13: =F15+F29+F30+F31+F32+F33 -> 2720556 | G13: =C13-F13 -> -0.11852
A14: в том числе: | C14: ='СШ №1'!C14+'СШ №2'!C14+'Макинская СШ'!C14+'Казгородокска СШ '!C14+'Донская СШ'!C14+'Амангельдинская СШ'!C14+'Невская СШ'!C14+'Саулинская СШ'!C14+'Енбекшильдерская СШ'!C14+'Буландинская СШ'!C14+'Когамская СШ'!C14+'Бирсуатская СШ'!C14+'Кенащинская СШ'!C14+'Мамайская ОШ'!C14+'Заураловская ОШ'!C14+'Макпальская ОШ'!C14+'Баймурзинская ОШ'!C14+'Советская ОШ'!C14+'Заозерновская ОШ'!C14+'Кызыл-Уюмская ОШ'!C14+'Яблоновская ОШ'!C14+'Алгинская ОШ'!C14+'Краснофлотская ОШ'!C14+'Кудку агашСШ'!C14+'Каратальская НШ'!C14+'Джукейская НШ'!C14+'Трудовая НШ'!C14 -> 0 | D14: ='СШ №1'!D14+'СШ №2'!D14+'Макинская СШ'!D14+'Казгородокска СШ '!D14+'Донская СШ'!D14+'Амангельдинская СШ'!D14+'Невская СШ'!D14+'Саулинская СШ'!D14+'Енбекшильдерская СШ'!D14+'Буландинская СШ'!D14+'Когамская СШ'!D14+'Бирсуатская СШ'!D14+'Кенащинская СШ'!D14+'Мамайская ОШ'!D14+'Заураловская ОШ'!D14+'Макпальская ОШ'!D14+'Баймурзинская ОШ'!D14+'Советская ОШ'!D14+'Заозерновская ОШ'!D14+'Кызыл-Уюмская ОШ'!D14+'Яблоновская ОШ'!D14+'Алгинская ОШ'!D14+'Краснофлотская ОШ'!D14+'Кудку агашСШ'!D14+'Каратальская НШ'!D14+'Джукейская НШ'!D14+'Трудовая НШ'!D14 -> 0 | E14: ='СШ №1'!E14+'СШ №2'!E14+'Макинская СШ'!E14+'Казгородокска СШ '!E14+'Донская СШ'!E14+'Амангельдинская СШ'!E14+'Невская СШ'!E14+'Саулинская СШ'!E14+'Енбекшильдерская СШ'!E14+'Буландинская СШ'!E14+'Когамская СШ'!E14+'Бирсуатская СШ'!E14+'Кенащинская СШ'!E14+'Мамайская ОШ'!E14+'Заураловская ОШ'!E14+'Макпальская ОШ'!E14+'Баймурзинская ОШ'!E14+'Советская ОШ'!E14+'Заозерновская ОШ'!E14+'Кызыл-Уюмская ОШ'!E14+'Яблоновская ОШ'!E14+'Алгинская ОШ'!E14+'Краснофлотская ОШ'!E14+'Кудку агашСШ'!E14+'Каратальская НШ'!E14+'Джукейская НШ'!E14+'Трудовая НШ'!E14 -> 0 | F14: ='СШ №1'!F14+'СШ №2'!F14+'Макинская СШ'!F14+'Казгородокска СШ '!F14+'Донская СШ'!F14+'Амангельдинская СШ'!F14+'Невская СШ'!F14+'Саулинская СШ'!F14+'Енбекшильдерская СШ'!F14+'Буландинская СШ'!F14+'Когамская СШ'!F14+'Бирсуатская СШ'!F14+'Кенащинская СШ'!F14+'Мамайская ОШ'!F14+'Заураловская ОШ'!F14+'Макпальская ОШ'!F14+'Баймурзинская ОШ'!F14+'Советская ОШ'!F14+'Заозерновская ОШ'!F14+'Кызыл-Уюмская ОШ'!F14+'Яблоновская ОШ'!F14+'Алгинская ОШ'!F14+'Краснофлотская ОШ'!F14+'Кудку агашСШ'!F14+'Каратальская НШ'!F14+'Джукейская НШ'!F14+'Трудовая НШ'!F14 -> 0
A15: 3. Фонд заработной платы | B15: тыс. тенге | C15: ='Трудовая НШ'!C15+'Джукейская НШ'!C15+'Каратальская НШ'!C15+'Краснофлотская ОШ'!C15+'Алгинская ОШ'!C15+'Яблоновская ОШ'!C15+'Кызыл-Уюмская ОШ'!C15+'Заозерновская ОШ'!C15+'Советская ОШ'!C15+'Баймурзинская ОШ'!C15+'Макпальская ОШ'!C15+'Заураловская ОШ'!C15+'Мамайская ОШ'!C15+'Кенащинская СШ'!C15+'Бирсуатская СШ'!C15+'Когамская СШ'!C15+'Буландинская СШ'!C15+'Енбекшильдерская СШ'!C15+'Саулинская СШ'!C15+'Кудку агашСШ'!C15+'Невская СШ'!C15+'Амангельдинская СШ'!C15+'Донская СШ'!C15+'Макинская СШ'!C15+'Казгородокска СШ '!C15 -> 2152764.6 | D15: ='СШ №1'!D15+'СШ №2'!D15+'Макинская СШ'!D15+'Казгородокска СШ '!D15+'Донская СШ'!D15+'Амангельдинская СШ'!D15+'Невская СШ'!D15+'Саулинская СШ'!D15+'Енбекшильдерская СШ'!D15+'Буландинская СШ'!D15+'Когамская СШ'!D15+'Бирсуатская СШ'!D15+'Кенащинская СШ'!D15+'Мамайская ОШ'!D15+'Заураловская ОШ'!D15+'Макпальская ОШ'!D15+'Баймурзинская ОШ'!D15+'Советская ОШ'!D15+'Заозерновская ОШ'!D15+'Кызыл-Уюмская ОШ'!D15+'Яблоновская ОШ'!D15+'Алгинская ОШ'!D15+'Краснофлотская ОШ'!D15+'Кудку агашСШ'!D15+'Каратальская НШ'!D15+'Джукейская НШ'!D15+'Трудовая НШ'!D15 -> 624599.4 | E15: ='СШ №1'!E15+'СШ №2'!E15+'Макинская СШ'!E15+'Казгородокска СШ '!E15+'Донская СШ'!E15+'Амангельдинская СШ'!E15+'Невская СШ'!E15+'Саулинская СШ'!E15+'Енбекшильдерская СШ'!E15+'Буландинская СШ'!E15+'Когамская СШ'!E15+'Бирсуатская СШ'!E15+'Кенащинская СШ'!E15+'Мамайская ОШ'!E15+'Заураловская ОШ'!E15+'Макпальская ОШ'!E15+'Баймурзинская ОШ'!E15+'Советская ОШ'!E15+'Заозерновская ОШ'!E15+'Кызыл-Уюмская ОШ'!E15+'Яблоновская ОШ'!E15+'Алгинская ОШ'!E15+'Краснофлотская ОШ'!E15+'Кудку агашСШ'!E15+'Каратальская НШ'!E15+'Джукейская НШ'!E15+'Трудовая НШ'!E15 -> 624599.4 | F15: 2152765 | G15: =C15-F15 -> -0.4
A16: из них: | C16: ='СШ №1'!C16+'СШ №2'!C16+'Макинская СШ'!C16+'Казгородокска СШ '!C16+'Донская СШ'!C16+'Амангельдинская СШ'!C16+'Невская СШ'!C16+'Саулинская СШ'!C16+'Енбекшильдерская СШ'!C16+'Буландинская СШ'!C16+'Когамская СШ'!C16+'Бирсуатская СШ'!C16+'Кенащинская СШ'!C16+'Мамайская ОШ'!C16+'Заураловская ОШ'!C16+'Макпальская ОШ'!C16+'Баймурзинская ОШ'!C16+'Советская ОШ'!C16+'Заозерновская ОШ'!C16+'Кызыл-Уюмская ОШ'!C16+'Яблоновская ОШ'!C16+'Алгинская ОШ'!C16+'Краснофлотская ОШ'!C16+'Кудку агашСШ'!C16+'Каратальская НШ'!C16+'Джукейская НШ'!C16+'Трудовая НШ'!C16 -> 0 | D16: ='СШ №1'!D16+'СШ №2'!D16+'Макинская СШ'!D16+'Казгородокска СШ '!D16+'Донская СШ'!D16+'Амангельдинская СШ'!D16+'Невская СШ'!D16+'Саулинская СШ'!D16+'Енбекшильдерская СШ'!D16+'Буландинская СШ'!D16+'Когамская СШ'!D16+'Бирсуатская СШ'!D16+'Кенащинская СШ'!D16+'Мамайская ОШ'!D16+'Заураловская ОШ'!D16+'Макпальская ОШ'!D16+'Баймурзинская ОШ'!D16+'Советская ОШ'!D16+'Заозерновская ОШ'!D16+'Кызыл-Уюмская ОШ'!D16+'Яблоновская ОШ'!D16+'Алгинская ОШ'!D16+'Краснофлотская ОШ'!D16+'Кудку агашСШ'!D16+'Каратальская НШ'!D16+'Джукейская НШ'!D16+'Трудовая НШ'!D16 -> 0 | E16: ='СШ №1'!E16+'СШ №2'!E16+'Макинская СШ'!E16+'Казгородокска СШ '!E16+'Донская СШ'!E16+'Амангельдинская СШ'!E16+'Невская СШ'!E16+'Саулинская СШ'!E16+'Енбекшильдерская СШ'!E16+'Буландинская СШ'!E16+'Когамская СШ'!E16+'Бирсуатская СШ'!E16+'Кенащинская СШ'!E16+'Мамайская ОШ'!E16+'Заураловская ОШ'!E16+'Макпальская ОШ'!E16+'Баймурзинская ОШ'!E16+'Советская ОШ'!E16+'Заозерновская ОШ'!E16+'Кызыл-Уюмская ОШ'!E16+'Яблоновская ОШ'!E16+'Алгинская ОШ'!E16+'Краснофлотская ОШ'!E16+'Кудку агашСШ'!E16+'Каратальская НШ'!E16+'Джукейская НШ'!E16+'Трудовая НШ'!E16 -> 0 | F16: ='СШ №1'!F16+'СШ №2'!F16+'Макинская СШ'!F16+'Казгородокска СШ '!F16+'Донская СШ'!F16+'Амангельдинская СШ'!F16+'Невская СШ'!F16+'Саулинская СШ'!F16+'Енбекшильдерская СШ'!F16+'Буландинская СШ'!F16+'Когамская СШ'!F16+'Бирсуатская СШ'!F16+'Кенащинская СШ'!F16+'Мамайская ОШ'!F16+'Заураловская ОШ'!F16+'Макпальская ОШ'!F16+'Баймурзинская ОШ'!F16+'Советская ОШ'!F16+'Заозерновская ОШ'!F16+'Кызыл-Уюмская ОШ'!F16+'Яблоновская ОШ'!F16+'Алгинская ОШ'!F16+'Краснофлотская ОШ'!F16+'Кудку агашСШ'!F16+'Каратальская НШ'!F16+'Джукейская НШ'!F16+'Трудовая НШ'!F16 -> 0 | G16: =C16-F16 -> 0
A17: 3.1. Адмиистративный персонал | B17: тыс. тенге | C17: ='СШ №1'!C17+'СШ №2'!C17+'Макинская СШ'!C17+'Казгородокска СШ '!C17+'Донская СШ'!C17+'Амангельдинская СШ'!C17+'Невская СШ'!C17+'Саулинская СШ'!C17+'Енбекшильдерская СШ'!C17+'Буландинская СШ'!C17+'Когамская СШ'!C17+'Бирсуатская СШ'!C17+'Кенащинская СШ'!C17+'Мамайская ОШ'!C17+'Заураловская ОШ'!C17+'Макпальская ОШ'!C17+'Баймурзинская ОШ'!C17+'Советская ОШ'!C17+'Заозерновская ОШ'!C17+'Кызыл-Уюмская ОШ'!C17+'Яблоновская ОШ'!C17+'Алгинская ОШ'!C17+'Краснофлотская ОШ'!C17+'Кудку агашСШ'!C17+'Каратальская НШ'!C17+'Джукейская НШ'!C17+'Трудовая НШ'!C17 -> 152214.5 | D17: ='СШ №1'!D17+'СШ №2'!D17+'Макинская СШ'!D17+'Казгородокска СШ '!D17+'Донская СШ'!D17+'Амангельдинская СШ'!D17+'Невская СШ'!D17+'Саулинская СШ'!D17+'Енбекшильдерская СШ'!D17+'Буландинская СШ'!D17+'Когамская СШ'!D17+'Бирсуатская СШ'!D17+'Кенащинская СШ'!D17+'Мамайская ОШ'!D17+'Заураловская ОШ'!D17+'Макпальская ОШ'!D17+'Баймурзинская ОШ'!D17+'Советская ОШ'!D17+'Заозерновская ОШ'!D17+'Кызыл-Уюмская ОШ'!D17+'Яблоновская ОШ'!D17+'Алгинская ОШ'!D17+'Краснофлотская ОШ'!D17+'Кудку агашСШ'!D17+'Каратальская НШ'!D17+'Джукейская НШ'!D17+'Трудовая НШ'!D17 -> 43553.625 | E17: ='СШ №1'!E17+'СШ №2'!E17+'Макинская СШ'!E17+'Казгородокска СШ '!E17+'Донская СШ'!E17+'Амангельдинская СШ'!E17+'Невская СШ'!E17+'Саулинская СШ'!E17+'Енбекшильдерская СШ'!E17+'Буландинская СШ'!E17+'Когамская СШ'!E17+'Бирсуатская СШ'!E17+'Кенащинская СШ'!E17+'Мамайская ОШ'!E17+'Заураловская ОШ'!E17+'Макпальская ОШ'!E17+'Баймурзинская ОШ'!E17+'Советская ОШ'!E17+'Заозерновская ОШ'!E17+'Кызыл-Уюмская ОШ'!E17+'Яблоновская ОШ'!E17+'Алгинская ОШ'!E17+'Краснофлотская ОШ'!E17+'Кудку агашСШ'!E17+'Каратальская НШ'!E17+'Джукейская НШ'!E17+'Трудовая НШ'!E17 -> 43553.625 | F17: ='СШ №1'!F17+'СШ №2'!F17+'Макинская СШ'!F17+'Казгородокска СШ '!F17+'Донская СШ'!F17+'Амангельдинская СШ'!F17+'Невская СШ'!F17+'Саулинская СШ'!F17+'Енбекшильдерская СШ'!F17+'Буландинская СШ'!F17+'Когамская СШ'!F17+'Бирсуатская СШ'!F17+'Кенащинская СШ'!F17+'Мамайская ОШ'!F17+'Заураловская ОШ'!F17+'Макпальская ОШ'!F17+'Баймурзинская ОШ'!F17+'Советская ОШ'!F17+'Заозерновская ОШ'!F17+'Кызыл-Уюмская ОШ'!F17+'Яблоновская ОШ'!F17+'Алгинская ОШ'!F17+'Краснофлотская ОШ'!F17+'Кудку агашСШ'!F17+'Каратальская НШ'!F17+'Джукейская НШ'!F17+'Трудовая НШ'!F17 -> 0
A18: штатная численность | B18: единиц | C18: ='СШ №1'!C18+'СШ №2'!C18+'Макинская СШ'!C18+'Казгородокска СШ '!C18+'Донская СШ'!C18+'Амангельдинская СШ'!C18+'Невская СШ'!C18+'Саулинская СШ'!C18+'Енбекшильдерская СШ'!C18+'Буландинская СШ'!C18+'Когамская СШ'!C18+'Бирсуатская СШ'!C18+'Кенащинская СШ'!C18+'Мамайская ОШ'!C18+'Заураловская ОШ'!C18+'Макпальская ОШ'!C18+'Баймурзинская ОШ'!C18+'Советская ОШ'!C18+'Заозерновская ОШ'!C18+'Кызыл-Уюмская ОШ'!C18+'Яблоновская ОШ'!C18+'Алгинская ОШ'!C18+'Краснофлотская ОШ'!C18+'Кудку агашСШ'!C18+'Каратальская НШ'!C18+'Джукейская НШ'!C18+'Трудовая НШ'!C18 -> 59 | D18: ='СШ №1'!D18+'СШ №2'!D18+'Макинская СШ'!D18+'Казгородокска СШ '!D18+'Донская СШ'!D18+'Амангельдинская СШ'!D18+'Невская СШ'!D18+'Саулинская СШ'!D18+'Енбекшильдерская СШ'!D18+'Буландинская СШ'!D18+'Когамская СШ'!D18+'Бирсуатская СШ'!D18+'Кенащинская СШ'!D18+'Мамайская ОШ'!D18+'Заураловская ОШ'!D18+'Макпальская ОШ'!D18+'Баймурзинская ОШ'!D18+'Советская ОШ'!D18+'Заозерновская ОШ'!D18+'Кызыл-Уюмская ОШ'!D18+'Яблоновская ОШ'!D18+'Алгинская ОШ'!D18+'Краснофлотская ОШ'!D18+'Кудку агашСШ'!D18+'Каратальская НШ'!D18+'Джукейская НШ'!D18+'Трудовая НШ'!D18 -> 59 | E18: ='СШ №1'!E18+'СШ №2'!E18+'Макинская СШ'!E18+'Казгородокска СШ '!E18+'Донская СШ'!E18+'Амангельдинская СШ'!E18+'Невская СШ'!E18+'Саулинская СШ'!E18+'Енбекшильдерская СШ'!E18+'Буландинская СШ'!E18+'Когамская СШ'!E18+'Бирсуатская СШ'!E18+'Кенащинская СШ'!E18+'Мамайская ОШ'!E18+'Заураловская ОШ'!E18+'Макпальская ОШ'!E18+'Баймурзинская ОШ'!E18+'Советская ОШ'!E18+'Заозерновская ОШ'!E18+'Кызыл-Уюмская ОШ'!E18+'Яблоновская ОШ'!E18+'Алгинская ОШ'!E18+'Краснофлотская ОШ'!E18+'Кудку агашСШ'!E18+'Каратальская НШ'!E18+'Джукейская НШ'!E18+'Трудовая НШ'!E18 -> 59 | F18: ='СШ №1'!F18+'СШ №2'!F18+'Макинская СШ'!F18+'Казгородокска СШ '!F18+'Донская СШ'!F18+'Амангельдинская СШ'!F18+'Невская СШ'!F18+'Саулинская СШ'!F18+'Енбекшильдерская СШ'!F18+'Буландинская СШ'!F18+'Когамская СШ'!F18+'Бирсуатская СШ'!F18+'Кенащинская СШ'!F18+'Мамайская ОШ'!F18+'Заураловская ОШ'!F18+'Макпальская ОШ'!F18+'Баймурзинская ОШ'!F18+'Советская ОШ'!F18+'Заозерновская ОШ'!F18+'Кызыл-Уюмская ОШ'!F18+'Яблоновская ОШ'!F18+'Алгинская ОШ'!F18+'Краснофлотская ОШ'!F18+'Кудку агашСШ'!F18+'Каратальская НШ'!F18+'Джукейская НШ'!F18+'Трудовая НШ'!F18 -> #VALUE!
A19: среднемесячная заработная плата 1 ед. | B19: тенге | C19: =C17/C18/12*1000 -> 214992.23 | D19: =C19 -> 214992.23 | E19: =D19 -> 214992.23 | F19: =F17/F18/12*1000 -> #VALUE!
A20: 3.2. Основной пересонал - учителя | B20: тыс. тенге | C20: ='СШ №1'!C20+'СШ №2'!C20+'Макинская СШ'!C20+'Казгородокска СШ '!C20+'Донская СШ'!C20+'Амангельдинская СШ'!C20+'Невская СШ'!C20+'Саулинская СШ'!C20+'Енбекшильдерская СШ'!C20+'Буландинская СШ'!C20+'Когамская СШ'!C20+'Бирсуатская СШ'!C20+'Кенащинская СШ'!C20+'Мамайская ОШ'!C20+'Заураловская ОШ'!C20+'Макпальская ОШ'!C20+'Баймурзинская ОШ'!C20+'Советская ОШ'!C20+'Заозерновская ОШ'!C20+'Кызыл-Уюмская ОШ'!C20+'Яблоновская ОШ'!C20+'Алгинская ОШ'!C20+'Краснофлотская ОШ'!C20+'Кудку агашСШ'!C20+'Каратальская НШ'!C20+'Джукейская НШ'!C20+'Трудовая НШ'!C20 -> 1554359 | D20: ='СШ №1'!D20+'СШ №2'!D20+'Макинская СШ'!D20+'Казгородокска СШ '!D20+'Донская СШ'!D20+'Амангельдинская СШ'!D20+'Невская СШ'!D20+'Саулинская СШ'!D20+'Енбекшильдерская СШ'!D20+'Буландинская СШ'!D20+'Когамская СШ'!D20+'Бирсуатская СШ'!D20+'Кенащинская СШ'!D20+'Мамайская ОШ'!D20+'Заураловская ОШ'!D20+'Макпальская ОШ'!D20+'Баймурзинская ОШ'!D20+'Советская ОШ'!D20+'Заозерновская ОШ'!D20+'Кызыл-Уюмская ОШ'!D20+'Яблоновская ОШ'!D20+'Алгинская ОШ'!D20+'Краснофлотская ОШ'!D20+'Кудку агашСШ'!D20+'Каратальская НШ'!D20+'Джукейская НШ'!D20+'Трудовая НШ'!D20 -> 468996.5 | E20: ='СШ №1'!E20+'СШ №2'!E20+'Макинская СШ'!E20+'Казгородокска СШ '!E20+'Донская СШ'!E20+'Амангельдинская СШ'!E20+'Невская СШ'!E20+'Саулинская СШ'!E20+'Енбекшильдерская СШ'!E20+'Буландинская СШ'!E20+'Когамская СШ'!E20+'Бирсуатская СШ'!E20+'Кенащинская СШ'!E20+'Мамайская ОШ'!E20+'Заураловская ОШ'!E20+'Макпальская ОШ'!E20+'Баймурзинская ОШ'!E20+'Советская ОШ'!E20+'Заозерновская ОШ'!E20+'Кызыл-Уюмская ОШ'!E20+'Яблоновская ОШ'!E20+'Алгинская ОШ'!E20+'Краснофлотская ОШ'!E20+'Кудку агашСШ'!E20+'Каратальская НШ'!E20+'Джукейская НШ'!E20+'Трудовая НШ'!E20 -> 468996.5 | F20: ='СШ №1'!F20+'СШ №2'!F20+'Макинская СШ'!F20+'Казгородокска СШ '!F20+'Донская СШ'!F20+'Амангельдинская СШ'!F20+'Невская СШ'!F20+'Саулинская СШ'!F20+'Енбекшильдерская СШ'!F20+'Буландинская СШ'!F20+'Когамская СШ'!F20+'Бирсуатская СШ'!F20+'Кенащинская СШ'!F20+'Мамайская ОШ'!F20+'Заураловская ОШ'!F20+'Макпальская ОШ'!F20+'Баймурзинская ОШ'!F20+'Советская ОШ'!F20+'Заозерновская ОШ'!F20+'Кызыл-Уюмская ОШ'!F20+'Яблоновская ОШ'!F20+'Алгинская ОШ'!F20+'Краснофлотская ОШ'!F20+'Кудку агашСШ'!F20+'Каратальская НШ'!F20+'Джукейская НШ'!F20+'Трудовая НШ'!F20 -> 0
A21: штатная численность | B21: единиц | C21: ='СШ №1'!C21+'СШ №2'!C21+'Макинская СШ'!C21+'Казгородокска СШ '!C21+'Донская СШ'!C21+'Амангельдинская СШ'!C21+'Невская СШ'!C21+'Саулинская СШ'!C21+'Енбекшильдерская СШ'!C21+'Буландинская СШ'!C21+'Когамская СШ'!C21+'Бирсуатская СШ'!C21+'Кенащинская СШ'!C21+'Мамайская ОШ'!C21+'Заураловская ОШ'!C21+'Макпальская ОШ'!C21+'Баймурзинская ОШ'!C21+'Советская ОШ'!C21+'Заозерновская ОШ'!C21+'Кызыл-Уюмская ОШ'!C21+'Яблоновская ОШ'!C21+'Алгинская ОШ'!C21+'Краснофлотская ОШ'!C21+'Кудку агашСШ'!C21+'Каратальская НШ'!C21+'Джукейская НШ'!C21+'Трудовая НШ'!C21 -> 496.38 | D21: ='СШ №1'!D21+'СШ №2'!D21+'Макинская СШ'!D21+'Казгородокска СШ '!D21+'Донская СШ'!D21+'Амангельдинская СШ'!D21+'Невская СШ'!D21+'Саулинская СШ'!D21+'Енбекшильдерская СШ'!D21+'Буландинская СШ'!D21+'Когамская СШ'!D21+'Бирсуатская СШ'!D21+'Кенащинская СШ'!D21+'Мамайская ОШ'!D21+'Заураловская ОШ'!D21+'Макпальская ОШ'!D21+'Баймурзинская ОШ'!D21+'Советская ОШ'!D21+'Заозерновская ОШ'!D21+'Кызыл-Уюмская ОШ'!D21+'Яблоновская ОШ'!D21+'Алгинская ОШ'!D21+'Краснофлотская ОШ'!D21+'Кудку агашСШ'!D21+'Каратальская НШ'!D21+'Джукейская НШ'!D21+'Трудовая НШ'!D21 -> 496.38 | E21: ='СШ №1'!E21+'СШ №2'!E21+'Макинская СШ'!E21+'Казгородокска СШ '!E21+'Донская СШ'!E21+'Амангельдинская СШ'!E21+'Невская СШ'!E21+'Саулинская СШ'!E21+'Енбекшильдерская СШ'!E21+'Буландинская СШ'!E21+'Когамская СШ'!E21+'Бирсуатская СШ'!E21+'Кенащинская СШ'!E21+'Мамайская ОШ'!E21+'Заураловская ОШ'!E21+'Макпальская ОШ'!E21+'Баймурзинская ОШ'!E21+'Советская ОШ'!E21+'Заозерновская ОШ'!E21+'Кызыл-Уюмская ОШ'!E21+'Яблоновская ОШ'!E21+'Алгинская ОШ'!E21+'Краснофлотская ОШ'!E21+'Кудку агашСШ'!E21+'Каратальская НШ'!E21+'Джукейская НШ'!E21+'Трудовая НШ'!E21 -> 496.38 | F21: ='СШ №1'!F21+'СШ №2'!F21+'Макинская СШ'!F21+'Казгородокска СШ '!F21+'Донская СШ'!F21+'Амангельдинская СШ'!F21+'Невская СШ'!F21+'Саулинская СШ'!F21+'Енбекшильдерская СШ'!F21+'Буландинская СШ'!F21+'Когамская СШ'!F21+'Бирсуатская СШ'!F21+'Кенащинская СШ'!F21+'Мамайская ОШ'!F21+'Заураловская ОШ'!F21+'Макпальская ОШ'!F21+'Баймурзинская ОШ'!F21+'Советская ОШ'!F21+'Заозерновская ОШ'!F21+'Кызыл-Уюмская ОШ'!F21+'Яблоновская ОШ'!F21+'Алгинская ОШ'!F21+'Краснофлотская ОШ'!F21+'Кудку агашСШ'!F21+'Каратальская НШ'!F21+'Джукейская НШ'!F21+'Трудовая НШ'!F21 -> 0
A22: среднемесячная заработная плата 1 ед. | B22: тенге | C22: =C20/12/C21*1000 -> 260949.1 | D22: =C22 -> 260949.1 | E22: =D22 -> 260949.1 | F22: =F20/12/F21*1000 -> #DIV/0!
A23: 3.3. Прочий педагогический персонал (педагог-психолог, социальный педагог, вожатый и др.) | B23: тыс. тенге | C23: ='СШ №1'!C23+'СШ №2'!C23+'Макинская СШ'!C23+'Казгородокска СШ '!C23+'Донская СШ'!C23+'Амангельдинская СШ'!C23+'Невская СШ'!C23+'Саулинская СШ'!C23+'Енбекшильдерская СШ'!C23+'Буландинская СШ'!C23+'Когамская СШ'!C23+'Бирсуатская СШ'!C23+'Кенащинская СШ'!C23+'Мамайская ОШ'!C23+'Заураловская ОШ'!C23+'Макпальская ОШ'!C23+'Баймурзинская ОШ'!C23+'Советская ОШ'!C23+'Заозерновская ОШ'!C23+'Кызыл-Уюмская ОШ'!C23+'Яблоновская ОШ'!C23+'Алгинская ОШ'!C23+'Краснофлотская ОШ'!C23+'Кудку агашСШ'!C23+'Каратальская НШ'!C23+'Джукейская НШ'!C23+'Трудовая НШ'!C23 -> 142145.5 | D23: ='СШ №1'!D23+'СШ №2'!D23+'Макинская СШ'!D23+'Казгородокска СШ '!D23+'Донская СШ'!D23+'Амангельдинская СШ'!D23+'Невская СШ'!D23+'Саулинская СШ'!D23+'Енбекшильдерская СШ'!D23+'Буландинская СШ'!D23+'Когамская СШ'!D23+'Бирсуатская СШ'!D23+'Кенащинская СШ'!D23+'Мамайская ОШ'!D23+'Заураловская ОШ'!D23+'Макпальская ОШ'!D23+'Баймурзинская ОШ'!D23+'Советская ОШ'!D23+'Заозерновская ОШ'!D23+'Кызыл-Уюмская ОШ'!D23+'Яблоновская ОШ'!D23+'Алгинская ОШ'!D23+'Краснофлотская ОШ'!D23+'Кудку агашСШ'!D23+'Каратальская НШ'!D23+'Джукейская НШ'!D23+'Трудовая НШ'!D23 -> 41537.875 | E23: ='СШ №1'!E23+'СШ №2'!E23+'Макинская СШ'!E23+'Казгородокска СШ '!E23+'Донская СШ'!E23+'Амангельдинская СШ'!E23+'Невская СШ'!E23+'Саулинская СШ'!E23+'Енбекшильдерская СШ'!E23+'Буландинская СШ'!E23+'Когамская СШ'!E23+'Бирсуатская СШ'!E23+'Кенащинская СШ'!E23+'Мамайская ОШ'!E23+'Заураловская ОШ'!E23+'Макпальская ОШ'!E23+'Баймурзинская ОШ'!E23+'Советская ОШ'!E23+'Заозерновская ОШ'!E23+'Кызыл-Уюмская ОШ'!E23+'Яблоновская ОШ'!E23+'Алгинская ОШ'!E23+'Краснофлотская ОШ'!E23+'Кудку агашСШ'!E23+'Каратальская НШ'!E23+'Джукейская НШ'!E23+'Трудовая НШ'!E23 -> 41035.488 | F23: ='СШ №1'!F23+'СШ №2'!F23+'Макинская СШ'!F23+'Казгородокска СШ '!F23+'Донская СШ'!F23+'Амангельдинская СШ'!F23+'Невская СШ'!F23+'Саулинская СШ'!F23+'Енбекшильдерская СШ'!F23+'Буландинская СШ'!F23+'Когамская СШ'!F23+'Бирсуатская СШ'!F23+'Кенащинская СШ'!F23+'Мамайская ОШ'!F23+'Заураловская ОШ'!F23+'Макпальская ОШ'!F23+'Баймурзинская ОШ'!F23+'Советская ОШ'!F23+'Заозерновская ОШ'!F23+'Кызыл-Уюмская ОШ'!F23+'Яблоновская ОШ'!F23+'Алгинская ОШ'!F23+'Краснофлотская ОШ'!F23+'Кудку агашСШ'!F23+'Каратальская НШ'!F23+'Джукейская НШ'!F23+'Трудовая НШ'!F23 -> 0
A24: штатная численность | B24: единиц | C24: ='СШ №1'!C24+'СШ №2'!C24+'Макинская СШ'!C24+'Казгородокска СШ '!C24+'Донская СШ'!C24+'Амангельдинская СШ'!C24+'Невская СШ'!C24+'Саулинская СШ'!C24+'Енбекшильдерская СШ'!C24+'Буландинская СШ'!C24+'Когамская СШ'!C24+'Бирсуатская СШ'!C24+'Кенащинская СШ'!C24+'Мамайская ОШ'!C24+'Заураловская ОШ'!C24+'Макпальская ОШ'!C24+'Баймурзинская ОШ'!C24+'Советская ОШ'!C24+'Заозерновская ОШ'!C24+'Кызыл-Уюмская ОШ'!C24+'Яблоновская ОШ'!C24+'Алгинская ОШ'!C24+'Краснофлотская ОШ'!C24+'Кудку агашСШ'!C24+'Каратальская НШ'!C24+'Джукейская НШ'!C24+'Трудовая НШ'!C24 -> 82.75 | D24: ='СШ №1'!D24+'СШ №2'!D24+'Макинская СШ'!D24+'Казгородокска СШ '!D24+'Донская СШ'!D24+'Амангельдинская СШ'!D24+'Невская СШ'!D24+'Саулинская СШ'!D24+'Енбекшильдерская СШ'!D24+'Буландинская СШ'!D24+'Когамская СШ'!D24+'Бирсуатская СШ'!D24+'Кенащинская СШ'!D24+'Мамайская ОШ'!D24+'Заураловская ОШ'!D24+'Макпальская ОШ'!D24+'Баймурзинская ОШ'!D24+'Советская ОШ'!D24+'Заозерновская ОШ'!D24+'Кызыл-Уюмская ОШ'!D24+'Яблоновская ОШ'!D24+'Алгинская ОШ'!D24+'Краснофлотская ОШ'!D24+'Кудку агашСШ'!D24+'Каратальская НШ'!D24+'Джукейская НШ'!D24+'Трудовая НШ'!D24 -> 82.75 | E24: ='СШ №1'!E24+'СШ №2'!E24+'Макинская СШ'!E24+'Казгородокска СШ '!E24+'Донская СШ'!E24+'Амангельдинская СШ'!E24+'Невская СШ'!E24+'Саулинская СШ'!E24+'Енбекшильдерская СШ'!E24+'Буландинская СШ'!E24+'Когамская СШ'!E24+'Бирсуатская СШ'!E24+'Кенащинская СШ'!E24+'Мамайская ОШ'!E24+'Заураловская ОШ'!E24+'Макпальская ОШ'!E24+'Баймурзинская ОШ'!E24+'Советская ОШ'!E24+'Заозерновская ОШ'!E24+'Кызыл-Уюмская ОШ'!E24+'Яблоновская ОШ'!E24+'Алгинская ОШ'!E24+'Краснофлотская ОШ'!E24+'Кудку агашСШ'!E24+'Каратальская НШ'!E24+'Джукейская НШ'!E24+'Трудовая НШ'!E24 -> 82.75 | F24: ='СШ №1'!F24+'СШ №2'!F24+'Макинская СШ'!F24+'Казгородокска СШ '!F24+'Донская СШ'!F24+'Амангельдинская СШ'!F24+'Невская СШ'!F24+'Саулинская СШ'!F24+'Енбекшильдерская СШ'!F24+'Буландинская СШ'!F24+'Когамская СШ'!F24+'Бирсуатская СШ'!F24+'Кенащинская СШ'!F24+'Мамайская ОШ'!F24+'Заураловская ОШ'!F24+'Макпальская ОШ'!F24+'Баймурзинская ОШ'!F24+'Советская ОШ'!F24+'Заозерновская ОШ'!F24+'Кызыл-Уюмская ОШ'!F24+'Яблоновская ОШ'!F24+'Алгинская ОШ'!F24+'Краснофлотская ОШ'!F24+'Кудку агашСШ'!F24+'Каратальская НШ'!F24+'Джукейская НШ'!F24+'Трудовая НШ'!F24 -> 0
A25: среднемесячная заработная плата 1 ед. | B25: тенге | C25: =C23/C24/12*1000 -> 143147.53 | D25: =C25 -> 143147.53 | E25: =D25 -> 143147.53 | F25: =F23/F24/12*1000 -> #DIV/0!
A26: 3.4. Вспомогательный и технический персонал | B26: тыс. тенге | C26: ='СШ №1'!C26+'СШ №2'!C26+'Макинская СШ'!C26+'Казгородокска СШ '!C26+'Донская СШ'!C26+'Амангельдинская СШ'!C26+'Невская СШ'!C26+'Саулинская СШ'!C26+'Енбекшильдерская СШ'!C26+'Буландинская СШ'!C26+'Когамская СШ'!C26+'Бирсуатская СШ'!C26+'Кенащинская СШ'!C26+'Мамайская ОШ'!C26+'Заураловская ОШ'!C26+'Макпальская ОШ'!C26+'Баймурзинская ОШ'!C26+'Советская ОШ'!C26+'Заозерновская ОШ'!C26+'Кызыл-Уюмская ОШ'!C26+'Яблоновская ОШ'!C26+'Алгинская ОШ'!C26+'Краснофлотская ОШ'!C26+'Кудку агашСШ'!C26+'Каратальская НШ'!C26+'Джукейская НШ'!C26+'Трудовая НШ'!C26 -> 304045.6 | D26: ='СШ №1'!D26+'СШ №2'!D26+'Макинская СШ'!D26+'Казгородокска СШ '!D26+'Донская СШ'!D26+'Амангельдинская СШ'!D26+'Невская СШ'!D26+'Саулинская СШ'!D26+'Енбекшильдерская СШ'!D26+'Буландинская СШ'!D26+'Когамская СШ'!D26+'Бирсуатская СШ'!D26+'Кенащинская СШ'!D26+'Мамайская ОШ'!D26+'Заураловская ОШ'!D26+'Макпальская ОШ'!D26+'Баймурзинская ОШ'!D26+'Советская ОШ'!D26+'Заозерновская ОШ'!D26+'Кызыл-Уюмская ОШ'!D26+'Яблоновская ОШ'!D26+'Алгинская ОШ'!D26+'Краснофлотская ОШ'!D26+'Кудку агашСШ'!D26+'Каратальская НШ'!D26+'Джукейская НШ'!D26+'Трудовая НШ'!D26 -> 76011.4 | E26: ='СШ №1'!E26+'СШ №2'!E26+'Макинская СШ'!E26+'Казгородокска СШ '!E26+'Донская СШ'!E26+'Амангельдинская СШ'!E26+'Невская СШ'!E26+'Саулинская СШ'!E26+'Енбекшильдерская СШ'!E26+'Буландинская СШ'!E26+'Когамская СШ'!E26+'Бирсуатская СШ'!E26+'Кенащинская СШ'!E26+'Мамайская ОШ'!E26+'Заураловская ОШ'!E26+'Макпальская ОШ'!E26+'Баймурзинская ОШ'!E26+'Советская ОШ'!E26+'Заозерновская ОШ'!E26+'Кызыл-Уюмская ОШ'!E26+'Яблоновская ОШ'!E26+'Алгинская ОШ'!E26+'Краснофлотская ОШ'!E26+'Кудку агашСШ'!E26+'Каратальская НШ'!E26+'Джукейская НШ'!E26+'Трудовая НШ'!E26 -> 73913.8 | F26: ='СШ №1'!F26+'СШ №2'!F26+'Макинская СШ'!F26+'Казгородокска СШ '!F26+'Донская СШ'!F26+'Амангельдинская СШ'!F26+'Невская СШ'!F26+'Саулинская СШ'!F26+'Енбекшильдерская СШ'!F26+'Буландинская СШ'!F26+'Когамская СШ'!F26+'Бирсуатская СШ'!F26+'Кенащинская СШ'!F26+'Мамайская ОШ'!F26+'Заураловская ОШ'!F26+'Макпальская ОШ'!F26+'Баймурзинская ОШ'!F26+'Советская ОШ'!F26+'Заозерновская ОШ'!F26+'Кызыл-Уюмская ОШ'!F26+'Яблоновская ОШ'!F26+'Алгинская ОШ'!F26+'Краснофлотская ОШ'!F26+'Кудку агашСШ'!F26+'Каратальская НШ'!F26+'Джукейская НШ'!F26+'Трудовая НШ'!F26 -> 0
A27: штатная численность | B27: единиц | C27: ='СШ №1'!C27+'СШ №2'!C27+'Макинская СШ'!C27+'Казгородокска СШ '!C27+'Донская СШ'!C27+'Амангельдинская СШ'!C27+'Невская СШ'!C27+'Саулинская СШ'!C27+'Енбекшильдерская СШ'!C27+'Буландинская СШ'!C27+'Когамская СШ'!C27+'Бирсуатская СШ'!C27+'Кенащинская СШ'!C27+'Мамайская ОШ'!C27+'Заураловская ОШ'!C27+'Макпальская ОШ'!C27+'Баймурзинская ОШ'!C27+'Советская ОШ'!C27+'Заозерновская ОШ'!C27+'Кызыл-Уюмская ОШ'!C27+'Яблоновская ОШ'!C27+'Алгинская ОШ'!C27+'Краснофлотская ОШ'!C27+'Кудку агашСШ'!C27+'Каратальская НШ'!C27+'Джукейская НШ'!C27+'Трудовая НШ'!C27 -> 388.25 | D27: ='СШ №1'!D27+'СШ №2'!D27+'Макинская СШ'!D27+'Казгородокска СШ '!D27+'Донская СШ'!D27+'Амангельдинская СШ'!D27+'Невская СШ'!D27+'Саулинская СШ'!D27+'Енбекшильдерская СШ'!D27+'Буландинская СШ'!D27+'Когамская СШ'!D27+'Бирсуатская СШ'!D27+'Кенащинская СШ'!D27+'Мамайская ОШ'!D27+'Заураловская ОШ'!D27+'Макпальская ОШ'!D27+'Баймурзинская ОШ'!D27+'Советская ОШ'!D27+'Заозерновская ОШ'!D27+'Кызыл-Уюмская ОШ'!D27+'Яблоновская ОШ'!D27+'Алгинская ОШ'!D27+'Краснофлотская ОШ'!D27+'Кудку агашСШ'!D27+'Каратальская НШ'!D27+'Джукейская НШ'!D27+'Трудовая НШ'!D27 -> 388.25 | E27: ='СШ №1'!E27+'СШ №2'!E27+'Макинская СШ'!E27+'Казгородокска СШ '!E27+'Донская СШ'!E27+'Амангельдинская СШ'!E27+'Невская СШ'!E27+'Саулинская СШ'!E27+'Енбекшильдерская СШ'!E27+'Буландинская СШ'!E27+'Когамская СШ'!E27+'Бирсуатская СШ'!E27+'Кенащинская СШ'!E27+'Мамайская ОШ'!E27+'Заураловская ОШ'!E27+'Макпальская ОШ'!E27+'Баймурзинская ОШ'!E27+'Советская ОШ'!E27+'Заозерновская ОШ'!E27+'Кызыл-Уюмская ОШ'!E27+'Яблоновская ОШ'!E27+'Алгинская ОШ'!E27+'Краснофлотская ОШ'!E27+'Кудку агашСШ'!E27+'Каратальская НШ'!E27+'Джукейская НШ'!E27+'Трудовая НШ'!E27 -> 388.25 | F27: ='СШ №1'!F27+'СШ №2'!F27+'Макинская СШ'!F27+'Казгородокска СШ '!F27+'Донская СШ'!F27+'Амангельдинская СШ'!F27+'Невская СШ'!F27+'Саулинская СШ'!F27+'Енбекшильдерская СШ'!F27+'Буландинская СШ'!F27+'Когамская СШ'!F27+'Бирсуатская СШ'!F27+'Кенащинская СШ'!F27+'Мамайская ОШ'!F27+'Заураловская ОШ'!F27+'Макпальская ОШ'!F27+'Баймурзинская ОШ'!F27+'Советская ОШ'!F27+'Заозерновская ОШ'!F27+'Кызыл-Уюмская ОШ'!F27+'Яблоновская ОШ'!F27+'Алгинская ОШ'!F27+'Краснофлотская ОШ'!F27+'Кудку агашСШ'!F27+'Каратальская НШ'!F27+'Джукейская НШ'!F27+'Трудовая НШ'!F27 -> 0
A28: среднемесячная заработная плата 1 ед. | B28: тенге | C28: =C26/12/C27*1000 -> 65259.841 | D28: =C28 -> 65259.841 | E28: =D28 -> 65259.841 | F28: =F26/12/F27*1000 -> #DIV/0!
A29: 2. Налоги и другие обязательные платежи в бюджет | B29: тыс. тенге | C29: ='Трудовая НШ'!C29+'Джукейская НШ'!C29+'Каратальская НШ'!C29+'Краснофлотская ОШ'!C29+'Алгинская ОШ'!C29+'Яблоновская ОШ'!C29+'Кызыл-Уюмская ОШ'!C29+'Заозерновская ОШ'!C29+'Советская ОШ'!C29+'Баймурзинская ОШ'!C29+'Макпальская ОШ'!C29+'Заураловская ОШ'!C29+'Мамайская ОШ'!C29+'Кенащинская СШ'!C29+'Бирсуатская СШ'!C29+'Когамская СШ'!C29+'Буландинская СШ'!C29+'Енбекшильдерская СШ'!C29+'Саулинская СШ'!C29+'Кудку агашСШ'!C29+'Невская СШ'!C29+'Амангельдинская СШ'!C29+'Донская СШ'!C29+'Макинская СШ'!C29+'Казгородокска СШ '!C29 -> 240691.98 | D29: ='СШ №1'!D29+'СШ №2'!D29+'Макинская СШ'!D29+'Казгородокска СШ '!D29+'Донская СШ'!D29+'Амангельдинская СШ'!D29+'Невская СШ'!D29+'Саулинская СШ'!D29+'Енбекшильдерская СШ'!D29+'Буландинская СШ'!D29+'Когамская СШ'!D29+'Бирсуатская СШ'!D29+'Кенащинская СШ'!D29+'Мамайская ОШ'!D29+'Заураловская ОШ'!D29+'Макпальская ОШ'!D29+'Баймурзинская ОШ'!D29+'Советская ОШ'!D29+'Заозерновская ОШ'!D29+'Кызыл-Уюмская ОШ'!D29+'Яблоновская ОШ'!D29+'Алгинская ОШ'!D29+'Краснофлотская ОШ'!D29+'Кудку агашСШ'!D29+'Каратальская НШ'!D29+'Джукейская НШ'!D29+'Трудовая НШ'!D29 -> 69830.213 | E29: ='СШ №1'!E29+'СШ №2'!E29+'Макинская СШ'!E29+'Казгородокска СШ '!E29+'Донская СШ'!E29+'Амангельдинская СШ'!E29+'Невская СШ'!E29+'Саулинская СШ'!E29+'Енбекшильдерская СШ'!E29+'Буландинская СШ'!E29+'Когамская СШ'!E29+'Бирсуатская СШ'!E29+'Кенащинская СШ'!E29+'Мамайская ОШ'!E29+'Заураловская ОШ'!E29+'Макпальская ОШ'!E29+'Баймурзинская ОШ'!E29+'Советская ОШ'!E29+'Заозерновская ОШ'!E29+'Кызыл-Уюмская ОШ'!E29+'Яблоновская ОШ'!E29+'Алгинская ОШ'!E29+'Краснофлотская ОШ'!E29+'Кудку агашСШ'!E29+'Каратальская НШ'!E29+'Джукейская НШ'!E29+'Трудовая НШ'!E29 -> 69830.213 | F29: 240692 | G29: =C29-F29 -> -0.01852
A30: 3. Коммунальные расходы (свет, вода, отопление, связь,интернет, ареднда помещений и др.) | B30: тыс. тенге | C30: ='Трудовая НШ'!C30+'Джукейская НШ'!C30+'Каратальская НШ'!C30+'Краснофлотская ОШ'!C30+'Алгинская ОШ'!C30+'Яблоновская ОШ'!C30+'Кызыл-Уюмская ОШ'!C30+'Заозерновская ОШ'!C30+'Советская ОШ'!C30+'Баймурзинская ОШ'!C30+'Макпальская ОШ'!C30+'Заураловская ОШ'!C30+'Мамайская ОШ'!C30+'Кенащинская СШ'!C30+'Бирсуатская СШ'!C30+'Когамская СШ'!C30+'Буландинская СШ'!C30+'Енбекшильдерская СШ'!C30+'Саулинская СШ'!C30+'Кудку агашСШ'!C30+'Невская СШ'!C30+'Амангельдинская СШ'!C30+'Донская СШ'!C30+'Макинская СШ'!C30+'Казгородокска СШ '!C30 -> 122533 | D30: ='СШ №1'!D30+'СШ №2'!D30+'Макинская СШ'!D30+'Казгородокска СШ '!D30+'Донская СШ'!D30+'Амангельдинская СШ'!D30+'Невская СШ'!D30+'Саулинская СШ'!D30+'Енбекшильдерская СШ'!D30+'Буландинская СШ'!D30+'Когамская СШ'!D30+'Бирсуатская СШ'!D30+'Кенащинская СШ'!D30+'Мамайская ОШ'!D30+'Заураловская ОШ'!D30+'Макпальская ОШ'!D30+'Баймурзинская ОШ'!D30+'Советская ОШ'!D30+'Заозерновская ОШ'!D30+'Кызыл-Уюмская ОШ'!D30+'Яблоновская ОШ'!D30+'Алгинская ОШ'!D30+'Краснофлотская ОШ'!D30+'Кудку агашСШ'!D30+'Каратальская НШ'!D30+'Джукейская НШ'!D30+'Трудовая НШ'!D30 -> 30633.25 | E30: ='СШ №1'!E30+'СШ №2'!E30+'Макинская СШ'!E30+'Казгородокска СШ '!E30+'Донская СШ'!E30+'Амангельдинская СШ'!E30+'Невская СШ'!E30+'Саулинская СШ'!E30+'Енбекшильдерская СШ'!E30+'Буландинская СШ'!E30+'Когамская СШ'!E30+'Бирсуатская СШ'!E30+'Кенащинская СШ'!E30+'Мамайская ОШ'!E30+'Заураловская ОШ'!E30+'Макпальская ОШ'!E30+'Баймурзинская ОШ'!E30+'Советская ОШ'!E30+'Заозерновская ОШ'!E30+'Кызыл-Уюмская ОШ'!E30+'Яблоновская ОШ'!E30+'Алгинская ОШ'!E30+'Краснофлотская ОШ'!E30+'Кудку агашСШ'!E30+'Каратальская НШ'!E30+'Джукейская НШ'!E30+'Трудовая НШ'!E30 -> 30633.25 | F30: 122533 | G30: =C30-F30 -> 0
A31: 4. Текущий ремонт помещений и оборудования | B31: тыс. тенге | C31: ='Трудовая НШ'!C31+'Джукейская НШ'!C31+'Каратальская НШ'!C31+'Краснофлотская ОШ'!C31+'Алгинская ОШ'!C31+'Яблоновская ОШ'!C31+'Кызыл-Уюмская ОШ'!C31+'Заозерновская ОШ'!C31+'Советская ОШ'!C31+'Баймурзинская ОШ'!C31+'Макпальская ОШ'!C31+'Заураловская ОШ'!C31+'Мамайская ОШ'!C31+'Кенащинская СШ'!C31+'Бирсуатская СШ'!C31+'Когамская СШ'!C31+'Буландинская СШ'!C31+'Енбекшильдерская СШ'!C31+'Саулинская СШ'!C31+'Кудку агашСШ'!C31+'Невская СШ'!C31+'Амангельдинская СШ'!C31+'Донская СШ'!C31+'Макинская СШ'!C31+'Казгородокска СШ '!C31 -> 13208 | D31: ='СШ №1'!D31+'СШ №2'!D31+'Макинская СШ'!D31+'Казгородокска СШ '!D31+'Донская СШ'!D31+'Амангельдинская СШ'!D31+'Невская СШ'!D31+'Саулинская СШ'!D31+'Енбекшильдерская СШ'!D31+'Буландинская СШ'!D31+'Когамская СШ'!D31+'Бирсуатская СШ'!D31+'Кенащинская СШ'!D31+'Мамайская ОШ'!D31+'Заураловская ОШ'!D31+'Макпальская ОШ'!D31+'Баймурзинская ОШ'!D31+'Советская ОШ'!D31+'Заозерновская ОШ'!D31+'Кызыл-Уюмская ОШ'!D31+'Яблоновская ОШ'!D31+'Алгинская ОШ'!D31+'Краснофлотская ОШ'!D31+'Кудку агашСШ'!D31+'Каратальская НШ'!D31+'Джукейская НШ'!D31+'Трудовая НШ'!D31 -> 5461.5 | E31: ='СШ №1'!E31+'СШ №2'!E31+'Макинская СШ'!E31+'Казгородокска СШ '!E31+'Донская СШ'!E31+'Амангельдинская СШ'!E31+'Невская СШ'!E31+'Саулинская СШ'!E31+'Енбекшильдерская СШ'!E31+'Буландинская СШ'!E31+'Когамская СШ'!E31+'Бирсуатская СШ'!E31+'Кенащинская СШ'!E31+'Мамайская ОШ'!E31+'Заураловская ОШ'!E31+'Макпальская ОШ'!E31+'Баймурзинская ОШ'!E31+'Советская ОШ'!E31+'Заозерновская ОШ'!E31+'Кызыл-Уюмская ОШ'!E31+'Яблоновская ОШ'!E31+'Алгинская ОШ'!E31+'Краснофлотская ОШ'!E31+'Кудку агашСШ'!E31+'Каратальская НШ'!E31+'Джукейская НШ'!E31+'Трудовая НШ'!E31 -> 5161.5 | F31: 13208 | G31: =C31-F31 -> 0
A32: 5. Капитальные расходы (капительный ремонт, приобретение основных средств) | B32: тыс. тенге | C32: ='Трудовая НШ'!C32+'Джукейская НШ'!C32+'Каратальская НШ'!C32+'Краснофлотская ОШ'!C32+'Алгинская ОШ'!C32+'Яблоновская ОШ'!C32+'Кызыл-Уюмская ОШ'!C32+'Заозерновская ОШ'!C32+'Советская ОШ'!C32+'Баймурзинская ОШ'!C32+'Макпальская ОШ'!C32+'Заураловская ОШ'!C32+'Мамайская ОШ'!C32+'Кенащинская СШ'!C32+'Бирсуатская СШ'!C32+'Когамская СШ'!C32+'Буландинская СШ'!C32+'Енбекшильдерская СШ'!C32+'Саулинская СШ'!C32+'Кудку агашСШ'!C32+'Невская СШ'!C32+'Амангельдинская СШ'!C32+'Донская СШ'!C32+'Макинская СШ'!C32+'Казгородокска СШ '!C32 -> 64704 | D32: ='СШ №1'!D32+'СШ №2'!D32+'Макинская СШ'!D32+'Казгородокска СШ '!D32+'Донская СШ'!D32+'Амангельдинская СШ'!D32+'Невская СШ'!D32+'Саулинская СШ'!D32+'Енбекшильдерская СШ'!D32+'Буландинская СШ'!D32+'Когамская СШ'!D32+'Бирсуатская СШ'!D32+'Кенащинская СШ'!D32+'Мамайская ОШ'!D32+'Заураловская ОШ'!D32+'Макпальская ОШ'!D32+'Баймурзинская ОШ'!D32+'Советская ОШ'!D32+'Заозерновская ОШ'!D32+'Кызыл-Уюмская ОШ'!D32+'Яблоновская ОШ'!D32+'Алгинская ОШ'!D32+'Краснофлотская ОШ'!D32+'Кудку агашСШ'!D32+'Каратальская НШ'!D32+'Джукейская НШ'!D32+'Трудовая НШ'!D32 -> 21323.25 | E32: ='СШ №1'!E32+'СШ №2'!E32+'Макинская СШ'!E32+'Казгородокска СШ '!E32+'Донская СШ'!E32+'Амангельдинская СШ'!E32+'Невская СШ'!E32+'Саулинская СШ'!E32+'Енбекшильдерская СШ'!E32+'Буландинская СШ'!E32+'Когамская СШ'!E32+'Бирсуатская СШ'!E32+'Кенащинская СШ'!E32+'Мамайская ОШ'!E32+'Заураловская ОШ'!E32+'Макпальская ОШ'!E32+'Баймурзинская ОШ'!E32+'Советская ОШ'!E32+'Заозерновская ОШ'!E32+'Кызыл-Уюмская ОШ'!E32+'Яблоновская ОШ'!E32+'Алгинская ОШ'!E32+'Краснофлотская ОШ'!E32+'Кудку агашСШ'!E32+'Каратальская НШ'!E32+'Джукейская НШ'!E32+'Трудовая НШ'!E32 -> 20187 | F32: 64704 | G32: =C32-F32 -> 0
A33: 6. Прочие расходы (приобретение литературы, канцелярских и хозяйственных товаров и др.) | B33: тыс. тенге | C33: ='СШ №1'!C33+'СШ №2'!C33+'Макинская СШ'!C33+'Казгородокска СШ '!C33+'Донская СШ'!C33+'Амангельдинская СШ'!C33+'Невская СШ'!C33+'Саулинская СШ'!C33+'Енбекшильдерская СШ'!C33+'Буландинская СШ'!C33+'Когамская СШ'!C33+'Бирсуатская СШ'!C33+'Кенащинская СШ'!C33+'Мамайская ОШ'!C33+'Заураловская ОШ'!C33+'Макпальская ОШ'!C33+'Баймурзинская ОШ'!C33+'Советская ОШ'!C33+'Заозерновская ОШ'!C33+'Кызыл-Уюмская ОШ'!C33+'Яблоновская ОШ'!C33+'Алгинская ОШ'!C33+'Краснофлотская ОШ'!C33+'Кудку агашСШ'!C33+'Каратальская НШ'!C33+'Джукейская НШ'!C33+'Трудовая НШ'!C33 -> 126654.3 | D33: ='СШ №1'!D33+'СШ №2'!D33+'Макинская СШ'!D33+'Казгородокска СШ '!D33+'Донская СШ'!D33+'Амангельдинская СШ'!D33+'Невская СШ'!D33+'Саулинская СШ'!D33+'Енбекшильдерская СШ'!D33+'Буландинская СШ'!D33+'Когамская СШ'!D33+'Бирсуатская СШ'!D33+'Кенащинская СШ'!D33+'Мамайская ОШ'!D33+'Заураловская ОШ'!D33+'Макпальская ОШ'!D33+'Баймурзинская ОШ'!D33+'Советская ОШ'!D33+'Заозерновская ОШ'!D33+'Кызыл-Уюмская ОШ'!D33+'Яблоновская ОШ'!D33+'Алгинская ОШ'!D33+'Краснофлотская ОШ'!D33+'Кудку агашСШ'!D33+'Каратальская НШ'!D33+'Джукейская НШ'!D33+'Трудовая НШ'!D33 -> 28652.5 | E33: ='СШ №1'!E33+'СШ №2'!E33+'Макинская СШ'!E33+'Казгородокска СШ '!E33+'Донская СШ'!E33+'Амангельдинская СШ'!E33+'Невская СШ'!E33+'Саулинская СШ'!E33+'Енбекшильдерская СШ'!E33+'Буландинская СШ'!E33+'Когамская СШ'!E33+'Бирсуатская СШ'!E33+'Кенащинская СШ'!E33+'Мамайская ОШ'!E33+'Заураловская ОШ'!E33+'Макпальская ОШ'!E33+'Баймурзинская ОШ'!E33+'Советская ОШ'!E33+'Заозерновская ОШ'!E33+'Кызыл-Уюмская ОШ'!E33+'Яблоновская ОШ'!E33+'Алгинская ОШ'!E33+'Краснофлотская ОШ'!E33+'Кудку агашСШ'!E33+'Каратальская НШ'!E33+'Джукейская НШ'!E33+'Трудовая НШ'!E33 -> 28652.5 | F33: 126654 | G33: =C33-F33 -> 0.3
C34: =C33+C32+C31+C30+C29+C15 -> 2720555.9 | D34: =D33+D32+D31+D30+D29+D15 -> 780500.11 | E34: =E33+E32+E31+E30+E29+E15 -> 779063.86 | F34: =F33+F32+F31+F30+F29+F15 -> 2720556

Sheet СШ №1
A1: Основные показатели финансовой деятельности организации образования
A2: по состоянию на "1 " мая 2020 г.
A4: ГУ "Средняя школа №1 города Степняк отдела образования Района Биржан сал"
A5: (наименование организации образования)
A7: Периодичность: ежеквартально
A9: Среднее образование | B9: ед. изм. | C9: 2020 год
C10: годовой план | D10: план на период | E10: факт
A11: 1. Среднегодовой контингент обучающиеся | B11: чел. | D11: =C11 -> 0 | E11: =D11 -> 0
A12: средний расход на 1-го обучающегося | B12: тыс. тенге | C12: =(C13-C32)/C11 -> #DIV/0! | D12: =(D13-D32)/D11 -> #DIV/0! | E12: =(E13-E32)/E11 -> #DIV/0!
A13: 2. Всего расходы, тыс.тенге | B13: тыс. тенге | D13: =C13 -> 0 | E13: =D13 -> 0
A14: в том числе: | C14: 0 | D14: 0 | E14: 0
A15: 3. Фонд заработной платы | B15: тыс. тенге | D15: =C15 -> 0 | E15: =D15 -> 0
A16: из них: | C16: 0 | D16: 0 | E16: 0
A17: 3.1. Административный персонал | B17: тыс. тенге | D17: 5500 | E17: 5500
A18: штатная численность | B18: единиц
A19: среднемесячная заработная плата 1 ед. | B19: тенге | C19: =C17/C18/12*1000+200 -> #DIV/0! | D19: =C19 -> #DIV/0! | E19: =D19 -> #DIV/0!
A20: 3.2. Основной персонал - учителя | B20: тыс. тенге | D20: =C20 -> 0 | E20: =D20 -> 0
A21: штатная численность | B21: единиц | D21: =C21 -> 0 | E21: =D21 -> 0
A22: среднемесячная заработная плата 1 ед. | B22: тенге | C22: =C20/12/C21*1000 -> #DIV/0! | D22: =C22 -> #DIV/0! | E22: =D22 -> #DIV/0!
A23: 3.3. Прочий педагогический персонал (педагог-психолог, социальный педагог, вожатый и др.) | B23: тыс. тенге | D23: =C23 -> 0 | E23: =D23 -> 0
A24: штатная численность | B24: единиц | D24: =C24 -> 0 | E24: =D24 -> 0
A25: среднемесячная заработная плата 1 ед. | B25: тенге | C25: =C23/C24/12*1000 -> #DIV/0! | D25: =C25 -> #DIV/0! | E25: =D25 -> #DIV/0!
A26: 3.4. Вспомогательный и технический персонал | B26: тыс. тенге | D26: =C26 -> 0 | E26: =D26 -> 0
A27: штатная численность | B27: единиц | D27: =C27 -> 0 | E27: =D27 -> 0
A28: среднемесячная заработная плата 1 ед. | B28: тенге | C28: =C26/12/C27*1000 -> #DIV/0! | D28: =C28 -> #DIV/0! | E28: =D28 -> #DIV/0!
A29: 2. Налоги и другие обязательные платежи в бюджет | B29: тыс. тенге | D29: =C29 -> 0 | E29: =D29 -> 0
A30: 3. Коммунальные расходы (свет, вода, отопление, связь,интернет, ареднда помещений и др.) | B30: тыс. тенге | D30: =C30 -> 0 | E30: =D30 -> 0
A31: 4. Текущий ремонт помещений и оборудования | B31: тыс. тенге | D31: =C31 -> 0 | E31: =D31 -> 0
A32: 5. Капитальные расходы (капительный ремонт, приобретение основных средств) | B32: тыс. тенге | D32: 0 | E32: 0
A33: 6. Прочие расходы (приобретение литературы, канцелярских и хозяйственных товаров и др.) | B33: тыс. тенге | D33: =C33 -> 0 | E33: =D33 -> 0

Sheet СШ №2
A1: Основные показатели финансовой деятельности организации образования
A2: по состоянию на "1 " мая 2020 г.
A4: ГУ "Средняя школа №2 им. Абая отдела образования района Биржан сал"
A5: (наименование организации образования)
A7: Периодичность: ежеквартально
A9: Среднее образование | B9: ед. изм. | C9: 2020 год
C10: годовой план | D10: план на период | E10: факт
A11: 1. Среднегодовой контингент обучающиеся | B11: чел.
A12: средний расход на 1-го обучающегося | B12: тыс. тенге | C12: =(C13-C32)/C11 -> #DIV/0! | D12: =C12 -> #DIV/0! | E12: =D12 -> #DIV/0!
A13: 2. Всего расходы, тыс.тенге | B13: тыс. тенге | D13: =C13 -> 0 | E13: =D13 -> 0
A14: в том числе: | C14: 0 | D14: =C14 -> 0 | E14: =D14 -> 0
A15: 3. Фонд заработной платы | B15: тыс. тенге | C15: =C17+C20+C23+C26 -> 0 | D15: =C15 -> 0 | E15: =D15 -> 0
A16: из них: | C16: 0 | D16: =C16 -> 0 | E16: =D16 -> 0
A17: 3.1. Административный персонал | B17: тыс. тенге | D17: =C17 -> 0 | E17: =D17 -> 0
A18: штатная численность | B18: единиц
A19: среднемесячная заработная плата 1 ед. | B19: тенге | C19: =C17/C18/12*1000+200 -> #DIV/0! | D19: =C19 -> #DIV/0! | E19: =D19 -> #DIV/0!
A20: 3.2. Основной персонал - учителя | B20: тыс. тенге | D20: =C20 -> 0 | E20: =D20 -> 0
A21: штатная численность | B21: единиц
A22: среднемесячная заработная плата 1 ед. | B22: тенге | C22: =C20/12/C21*1000 -> #DIV/0! | D22: =C22 -> #DIV/0! | E22: =D22 -> #DIV/0!
A23: 3.3. Прочий педагогический персонал (педагог-психолог, социальный педагог, вожатый и др.) | B23: тыс. тенге | D23: =C23 -> 0 | E23: =D23 -> 0
A24: штатная численность | B24: единиц
A25: среднемесячная заработная плата 1 ед. | B25: тенге | C25: =C23/C24/12*1000 -> #DIV/0! | D25: =C25 -> #DIV/0! | E25: =D25 -> #DIV/0!
A26: 3.4. Вспомогательный и технический персонал | B26: тыс. тенге | D26: =C26 -> 0 | E26: =D26 -> 0
A27: штатная численность | B27: единиц
A28: среднемесячная заработная плата 1 ед. | B28: тенге | C28: =C26/12/C27*1000 -> #DIV/0! | D28: =C28 -> #DIV/0! | E28: =D28 -> #DIV/0!
A29: 2. Налоги и другие обязательные платежи в бюджет | B29: тыс. тенге | D29: =C29 -> 0 | E29: =D29 -> 0
A30: 3. Коммунальные расходы (свет, вода, отопление, связь,интернет, ареднда помещений и др.) | B30: тыс. тенге | D30: =C30 -> 0 | E30: =D30 -> 0
A31: 4. Текущий ремонт помещений и оборудования | B31: тыс. тенге | D31: =C31 -> 0 | E31: =D31 -> 0
A32: 5. Капитальные расходы (капительный ремонт, приобретение основных средств) | B32: тыс. тенге | D32: =C32 -> 0 | E32: =D32 -> 0
A33: 6. Прочие расходы (приобретение литературы, канцелярских и хозяйственных товаров и др.) | B33: тыс. тенге | D33: =C33 -> 0 | E33: =D33 -> 0

Sheet Казгородокска СШ 
A1: Основные показатели финансовой деятельности организации образования
A2: по состоянию на "1 "апреля 2022 г.
A4: КГУ«Общеобразовательная школа села Ульги отдела образования по району Биржан сал управления образования Акмолинской области»;
A5: (наименование организации образования)
A7: Периодичность: ежеквартально
A9: Среднее образование | B9: ед. изм. | C9: 2022 год
C10: годовой план | D10: план на период | E10: факт
A11: 1. Среднегодовой контингент обучающиеся | B11: чел. | C11: 193 | D11: =C11 -> 193 | E11: =D11 -> 193
A12: средний расход на 1-го обучающегося | B12: тыс. тенге | C12: =(C13-C32)/C11 -> 1013.4069 | D12: =(D13-D32)/D11 -> 251.18864 | E12: =(E13-E32)/E11 -> 251.18864
A13: 2. Всего расходы, тыс.тенге | B13: тыс. тенге | C13: =C15+C29+C30+C33+C31+C32 -> 195587.53 | D13: =D15+D29+D30+D33+D31+D32 -> 48587.408 | E13: =E15+E29+E30+E33+E31+E32 -> 48587.408
A14: в том числе: | C14: 0 | D14: =C14 -> 0 | E14: =D14 -> 0
A15: 3. Фонд заработной платы | B15: тыс. тенге | C15: =C17+C20+C23+C26 -> 161240 | D15: =D17+D20+D23+D26 -> 40310 | E15: =E17+E20+E23+E26 -> 40310
A16: из них: | C16: 0 | D16: =C16 -> 0 | E16: =D16 -> 0
A17: 3.1. Административный персонал | B17: тыс. тенге | C17: 8316 | D17: =C17/4 -> 2079 | E17: =D17 -> 2079
A18: штатная численность | B18: единиц | C18: 4 | D18: =C18 -> 4 | E18: =D18 -> 4
A19: среднемесячная заработная плата 1 ед. | B19: тенге | C19: =C17/C18/12*1000+200 -> 173450 | D19: =C19 -> 173450 | E19: =D19 -> 173450
A20: 3.2. Основной персонал - учителя | B20: тыс. тенге | C20: 122143 | D20: =C20/4 -> 30535.75 | E20: =D20 -> 30535.75
A21: штатная численность | B21: единиц | C21: 36.25 | D21: =C21 -> 36.25 | E21: =D21 -> 36.25
A22: среднемесячная заработная плата 1 ед. | B22: тенге | C22: =C20/12/C21*1000 -> 280788.51 | D22: =C22 -> 280788.51 | E22: =D22 -> 280788.51
A23: 3.3. Прочий педагогический персонал (педагог-психолог, социальный педагог, вожатый и др.) | B23: тыс. тенге | C23: 12404 | D23: =C23/4 -> 3101 | E23: =D23 -> 3101
A24: штатная численность | B24: единиц | C24: 7.5 | D24: =C24 -> 7.5 | E24: =D24 -> 7.5
A25: среднемесячная заработная плата 1 ед. | B25: тенге | C25: =C23/C24/12*1000 -> 137822.22 | D25: =C25 -> 137822.22 | E25: =D25 -> 137822.22
A26: 3.4. Вспомогательный и технический персонал | B26: тыс. тенге | C26: 18377 | D26: =C26/4 -> 4594.25 | E26: =D26 -> 4594.25
A27: штатная численность | B27: единиц | C27: 23 | D27: =C27 -> 23 | E27: =D27 -> 23
A28: среднемесячная заработная плата 1 ед. | B28: тенге | C28: =C26/12/C27*1000 -> 66583.333 | D28: =C28 -> 66583.333 | E28: =D28 -> 66583.333
A29: 2. Налоги и другие обязательные платежи в бюджет | B29: тыс. тенге | C29: =C15*11.188% -> 18039.531 | D29: =D15*11.18% -> 4506.658 | E29: =E15*11.18% -> 4506.658
A30: 3. Коммунальные расходы (свет, вода, отопление, связь,интернет, ареднда помещений и др.) | B30: тыс. тенге | C30: 7543 | D30: =C30/4 -> 1885.75 | E30: =D30 -> 1885.75
A31: 4. Текущий ремонт помещений и оборудования | B31: тыс. тенге | C31: 500 | D31: =C31 -> 500 | E31: =D31 -> 500
A32: 5. Капитальные расходы (капительный ремонт, приобретение основных средств) | B32: тыс. тенге | D32: 108 | E32: =D32 -> 108
A33: 6. Прочие расходы (приобретение литературы, канцелярских и хозяйственных товаров и др.) | B33: тыс. тенге | C33: 8265 | D33: 1277 | E33: =D33 -> 1277
C34: =C33+C32+C31+C30+C29+C15 -> 195587.53

Sheet Макинская СШ
A1: Основные показатели финансовой деятельности организации образования
A2: по состоянию на "1 "апреля 2022 г.
A4: КГУ «Общеобразовательная школа села Макинка отдела образования по району Биржан сал управления образования Акмолинской области»;
A5: (наименование организации образования)
A7: Периодичность: ежеквартально
A9: Среднее образование | B9: ед. изм. | C9: 2022 год
C10: годовой план | D10: план на период | E10: факт
A11: 1. Среднегодовой контингент обучающиеся | B11: чел. | C11: 261 | D11: =C11 -> 261 | E11: =D11 -> 261
A12: средний расход на 1-го обучающегося | B12: тыс. тенге | C12: =(C13-C32)/C11 -> 830.46267 | D12: =(D13-D32)/D11 -> 204.2603 | E12: =(E13-E32)/E11 -> 204.2603
A13: 2. Всего расходы, тыс.тенге | B13: тыс. тенге | C13: =C15+C29+C30+C33+C31+C32 -> 216750.76 | D13: =D15+D29+D30+D33+D31+D32 -> 53311.939 | E13: =E15+E29+E30+E33+E31+E32 -> 53311.939
A14: в том числе: | C14: 0 | D14: =C14 -> 0 | E14: 0
A15: 3. Фонд заработной платы | B15: тыс. тенге | C15: =C17+C20+C23+C26 -> 181098 | D15: =D17+D20+D23+D26 -> 45274.5 | E15: =E17+E20+E23+E26 -> 45274.5
A16: из них: | C16: 0 | D16: =C16 -> 0 | E16: 0
A17: 3.1. Административный персонал | B17: тыс. тенге | C17: 11864 | D17: =C17/4 -> 2966 | E17: =D17 -> 2966
A18: штатная численность | B18: единиц | C18: 5 | D18: =C18 -> 5 | E18: =D18 -> 5
A19: среднемесячная заработная плата 1 ед. | B19: тенге | C19: =C17/C18/12*1000+200 -> 197933.33 | D19: =C19 -> 197933.33 | E19: =E17*1000/12/E18 -> 49433.333
A20: 3.2. Основной персонал - учителя | B20: тыс. тенге | C20: 142289 | D20: =C20/4 -> 35572.25 | E20: =D20 -> 35572.25
A21: штатная численность | B21: единиц | C21: 41.7 | D21: =C21 -> 41.7 | E21: =D21 -> 41.7
A22: среднемесячная заработная плата 1 ед. | B22: тенге | C22: =C20/12/C21*1000 -> 284350.52 | D22: =C22 -> 284350.52 | E22: =E20/12/E21*1000 -> 71087.63
A23: 3.3. Прочий педагогический персонал (педагог-психолог, социальный педагог, вожатый и др.) | B23: тыс. тенге | C23: 11241 | D23: =C23/4 -> 2810.25 | E23: =D23 -> 2810.25
A24: штатная численность | B24: единиц | C24: 6 | D24: =C24 -> 6 | E24: =D24 -> 6
A25: среднемесячная заработная плата 1 ед. | B25: тенге | C25: =C23/C24/12*1000 -> 156125 | D25: =C25 -> 156125 | E25: =E23/E24/12*1000 -> 39031.25
A26: 3.4. Вспомогательный и технический персонал | B26: тыс. тенге | C26: 15704 | D26: =C26/4 -> 3926 | E26: =D26 -> 3926
A27: штатная численность | B27: единиц | C27: 19.5 | D27: =C27 -> 19.5 | E27: =D27 -> 19.5
A28: среднемесячная заработная плата 1 ед. | B28: тенге | C28: =C26/12/C27*1000 -> 67111.111 | D28: =C28 -> 67111.111 | E28: =E26/12/E27*1000 -> 16777.778
A29: 2. Налоги и другие обязательные платежи в бюджет | B29: тыс. тенге | C29: =C15*11.18% -> 20246.756 | D29: =D15*11.18% -> 5061.6891 | E29: =E15*11.18% -> 5061.6891
A30: 3. Коммунальные расходы (свет, вода, отопление, связь,интернет, ареднда помещений и др.) | B30: тыс. тенге | C30: 6567 | D30: =C30/4 -> 1641.75 | E30: =D30 -> 1641.75
A31: 4. Текущий ремонт помещений и оборудования | B31: тыс. тенге | C31: 500 | E31: =D31 -> 0
A32: 5. Капитальные расходы (капительный ремонт, приобретение основных средств) | B32: тыс. тенге
A33: 6. Прочие расходы (приобретение литературы, канцелярских и хозяйственных товаров и др.) | B33: тыс. тенге | C33: 8339 | D33: 1334 | E33: =D33 -> 1334
C34: =C33+C32+C31+C30+C29+C15 -> 216750.76

Sheet Донская СШ
A1: Основные показатели финансовой деятельности организации образования
A2: по состоянию на "1 "апреля 2022 г.
A4: КГУ«Общеобразовательная школа села Андыкожа батыр отдела образования по району Биржан сал управления образования Акмолинской области»;
A5: (наименование организации образования)
A7: Периодичность: ежеквартально
A9: Среднее образование | B9: ед. изм. | C9: 2022 год
C10: годовой план | D10: план на период | E10: факт
A11: 1. Среднегодовой контингент обучающиеся | B11: чел. | C11: 127 | D11: =C11 -> 127 | E11: =D11 -> 127
A12: средний расход на 1-го обучающегося | B12: тыс. тенге | C12: =(C13-C32)/C11 -> 1602.6664 | D12: =(D13-D32)/D11 -> 397.31364 | E12: =(E13-E32)/E11 -> 397.31364
A13: 2. Всего расходы, тыс.тенге | B13: тыс. тенге | C13: =C15+C29+C30+C33+C31+C32 -> 208744.63 | D13: =D15+D29+D30+D33+D31+D32 -> 55664.832 | E13: =E15+E29+E30+E33+E31+E32 -> 55664.832
A14: в том числе: | C14: 0 | D14: =C14 -> 0 | E14: =D14 -> 0
A15: 3. Фонд заработной платы | B15: тыс. тенге | C15: =C17+C20+C23+C26 -> 169672 | D15: =D17+D20+D23+D26 -> 42418 | E15: =E17+E20+E23+E26 -> 42418
A16: из них: | C16: 0 | D16: =C16 -> 0 | E16: =D16 -> 0
A17: 3.1. Административный персонал | B17: тыс. тенге | C17: 9285 | D17: =C17/4 -> 2321.25 | E17: =D17 -> 2321.25
A18: штатная численность | B18: единиц | C18: 4 | D18: =C18 -> 4 | E18: =D18 -> 4
A19: среднемесячная заработная плата 1 ед. | B19: тенге | C19: =C17/C18/12*1000+200 -> 193637.5 | D19: =C19 -> 193637.5 | E19: =D19 -> 193637.5
A20: 3.2. Основной персонал - учителя | B20: тыс. тенге | C20: 132506 | D20: =C20/4 -> 33126.5 | E20: =D20 -> 33126.5
A21: штатная численность | B21: единиц | C21: 39.9 | D21: =C21 -> 39.9 | E21: =D21 -> 39.9
A22: среднемесячная заработная плата 1 ед. | B22: тенге | C22: =C20/12/C21*1000 -> 276746.03 | D22: =C22 -> 276746.03 | E22: =D22 -> 276746.03
A23: 3.3. Прочий педагогический персонал (педагог-психолог, социальный педагог, вожатый и др.) | B23: тыс. тенге | C23: 11312 | D23: =C23/4 -> 2828 | E23: =D23 -> 2828
A24: штатная численность | B24: единиц | C24: 7 | D24: =C24 -> 7 | E24: =D24 -> 7
A25: среднемесячная заработная плата 1 ед. | B25: тенге | C25: =C23/C24/12*1000 -> 134666.67 | D25: =C25 -> 134666.67 | E25: =D25 -> 134666.67
A26: 3.4. Вспомогательный и технический персонал | B26: тыс. тенге | C26: 16569 | D26: =C26/4 -> 4142.25 | E26: =D26 -> 4142.25
A27: штатная численность | B27: единиц | C27: 21.5 | D27: =C27 -> 21.5 | E27: =D27 -> 21.5
A28: среднемесячная заработная плата 1 ед. | B28: тенге | C28: =C26/12/C27*1000 -> 64220.93 | D28: =C28 -> 64220.93 | E28: =D28 -> 64220.93
A29: 2. Налоги и другие обязательные платежи в бюджет | B29: тыс. тенге | C29: =C15*11.18% -> 18969.33 | D29: =D15*11.18% -> 4742.3324 | E29: =E15*11.18% -> 4742.3324
A30: 3. Коммунальные расходы (свет, вода, отопление, связь,интернет, ареднда помещений и др.) | B30: тыс. тенге | C30: 6038 | D30: =C30/4 -> 1509.5 | E30: =D30 -> 1509.5
A31: 4. Текущий ремонт помещений и оборудования | B31: тыс. тенге | C31: 500 | D31: =C31 -> 500 | E31: =D31 -> 500
A32: 5. Капитальные расходы (капительный ремонт, приобретение основных средств) | B32: тыс. тенге | C32: 5206 | D32: =C32 -> 5206 | E32: =D32 -> 5206
A33: 6. Прочие расходы (приобретение литературы, канцелярских и хозяйственных товаров и др.) | B33: тыс. тенге | C33: 8359.3 | D33: 1289 | E33: =D33 -> 1289
C34: =C33+C32+C31+C30+C29+C15 -> 208744.63

Sheet Амангельдинская СШ
A1: Основные показатели финансовой деятельности организации образования
A2: по состоянию на "1 "апреля 2022 г.
A4: КГУ «Общеобразовательная школа села Ангал батыр отдела образования по району Биржан сал управления образования Акмолинской области»;
A5: (наименование организации образования)
A7: Периодичность: ежеквартально
A9: Среднее образование | B9: ед. изм. | C9: 2022 год
C10: годовой план | D10: план на период | E10: факт
A11: 1. Среднегодовой контингент обучающиеся | B11: чел. | C11: 107 | D11: =C11 -> 107 | E11: =D11 -> 107
A12: средний расход на 1-го обучающегося | B12: тыс. тенге | C12: =(C13-C32)/C11 -> 1205.7492 | D12: =(D13-D32)/D11 -> 293.48637 | E12: =(E13-E32)/E11 -> 293.48637
A13: 2. Всего расходы, тыс.тенге | B13: тыс. тенге | C13: =C15+C29+C30+C33+C31+C32 -> 133560.17 | D13: =D15+D29+D30+D33+D31+D32 -> 32539.292 | E13: =E15+E29+E30+E33+E31+E32 -> 31403.042
A14: в том числе: | C14: 0 | D14: =C14 -> 0 | E14: =D14 -> 0
A15: 3. Фонд заработной платы | B15: тыс. тенге | C15: =C17+C20+C23+C26 -> 100243 | D15: =D17+D20+D23+D26 -> 25060.75 | E15: =E17+E20+E23+E26 -> 25060.75
A16: из них: | C16: 0 | D16: =C16 -> 0 | E16: =D16 -> 0
A17: 3.1. Административный персонал | B17: тыс. тенге | C17: 9051 | D17: =C17/4 -> 2262.75 | E17: =D17 -> 2262.75
A18: штатная численность | B18: единиц | C18: 3 | D18: =C18 -> 3 | E18: =D18 -> 3
A19: среднемесячная заработная плата 1 ед. | B19: тенге | C19: =C17/C18/12*1000+200 -> 251616.67 | D19: =C19 -> 251616.67 | E19: =D19 -> 251616.67
A20: 3.2. Основной персонал - учителя | B20: тыс. тенге | C20: 67736 | D20: =C20/4 -> 16934 | E20: =D20 -> 16934
A21: штатная численность | B21: единиц | C21: 22.8 | D21: =C21 -> 22.8 | E21: =D21 -> 22.8
A22: среднемесячная заработная плата 1 ед. | B22: тенге | C22: 21.1 | D22: =C22 -> 21.1 | E22: =D22 -> 21.1
A23: 3.3. Прочий педагогический персонал (педагог-психолог, социальный педагог, вожатый и др.) | B23: тыс. тенге | C23: 9444 | D23: =C23/4 -> 2361 | E23: =D23 -> 2361
A24: штатная численность | B24: единиц | C24: 6 | D24: =C24 -> 6 | E24: =D24 -> 6
A25: среднемесячная заработная плата 1 ед. | B25: тенге | C25: =C23/C24/12*1000 -> 131166.67 | D25: =C25 -> 131166.67 | E25: =D25 -> 131166.67
A26: 3.4. Вспомогательный и технический персонал | B26: тыс. тенге | C26: 14012 | D26: =C26/4 -> 3503 | E26: =D26 -> 3503
A27: штатная численность | B27: единиц | C27: 18.5 | D27: =C27 -> 18.5 | E27: =D27 -> 18.5
A28: среднемесячная заработная плата 1 ед. | B28: тенге | C28: =C26/12/C27*1000 -> 63117.117 | D28: =C28 -> 63117.117 | E28: =D28 -> 63117.117
A29: 2. Налоги и другие обязательные платежи в бюджет | B29: тыс. тенге | C29: =C15*11.18% -> 11207.167 | D29: =D15*11.18% -> 2801.7919 | E29: =E15*11.18% -> 2801.7919
A30: 3. Коммунальные расходы (свет, вода, отопление, связь,интернет, ареднда помещений и др.) | B30: тыс. тенге | C30: 7275 | D30: =C30/4 -> 1818.75 | E30: =D30 -> 1818.75
A31: 4. Текущий ремонт помещений и оборудования | B31: тыс. тенге | C31: 2199 | D31: =C31/4 -> 549.75 | E31: =D31 -> 549.75
A32: 5. Капитальные расходы (капительный ремонт, приобретение основных средств) | B32: тыс. тенге | C32: 4545 | D32: =C32/4 -> 1136.25
A33: 6. Прочие расходы (приобретение литературы, канцелярских и хозяйственных товаров и др.) | B33: тыс. тенге | C33: 8091 | D33: 1172 | E33: =D33 -> 1172
C34: =C33+C32+C31+C30+C29+C15 -> 133560.17

Sheet Невская СШ
A1: Основные показатели финансовой деятельности организации образования
A2: по состоянию на "1 "апреля 2022 г.
A4: КГУ«Общеобразовательная школа села Тасшалкар отдела образования по району Биржан сал управления образования Акмолинской области»;
A5: (наименование организации образования)
A7: Периодичность: ежеквартально
A9: Среднее образование | B9: ед. изм. | C9: 2022 год
C10: годовой план | D10: план на период | E10: факт
A11: 1. Среднегодовой контингент обучающиеся | B11: чел. | C11: 101 | D11: =C11 -> 101 | E11: =D11 -> 101
A12: средний расход на 1-го обучающегося | B12: тыс. тенге | C12: =(C13-C32)/C11 -> 1763.1157 | D12: =(D13-D32)/D11 -> 448.94723 | E12: =(E13-E32)/E11 -> 448.94723
A13: 2. Всего расходы, тыс.тенге | B13: тыс. тенге | C13: =C15+C29+C30+C33+C31+C32 -> 180282.68 | D13: =D15+D29+D30+D33+D31+D32 -> 45551.67 | E13: =E15+E29+E30+E33+E31+E32 -> 45551.67
A14: в том числе: | C14: 0 | D14: =C14 -> 0 | E14: =D14 -> 0
A15: 3. Фонд заработной платы | B15: тыс. тенге | C15: =C17+C20+C23+C26 -> 146312 | D15: =D17+D20+D23+D26 -> 36578 | E15: =E17+E20+E23+E26 -> 36578
A16: из них: | C16: 0 | D16: =C16 -> 0 | E16: =D16 -> 0
A17: 3.1. Административный персонал | B17: тыс. тенге | C17: 10723 | D17: =C17/4 -> 2680.75 | E17: =D17 -> 2680.75
A18: штатная численность | B18: единиц | C18: 4 | D18: =C18 -> 4 | E18: =D18 -> 4
A19: среднемесячная заработная плата 1 ед. | B19: тенге | C19: =C17/C18/12*1000+200 -> 223595.83 | D19: =C19 -> 223595.83 | E19: =D19 -> 223595.83
A20: 3.2. Основной персонал - учителя | B20: тыс. тенге | C20: 111531 | D20: =C20/4 -> 27882.75 | E20: =D20 -> 27882.75
A21: штатная численность | B21: единиц | C21: 36 | D21: =C21 -> 36 | E21: =D21 -> 36
A22: среднемесячная заработная плата 1 ед. | B22: тенге | C22: =C20/12/C21*1000 -> 258173.61 | D22: =C22 -> 258173.61 | E22: =D22 -> 258173.61
A23: 3.3. Прочий педагогический персонал (педагог-психолог, социальный педагог, вожатый и др.) | B23: тыс. тенге | C23: 9533 | D23: =C23/4 -> 2383.25 | E23: =D23 -> 2383.25
A24: штатная численность | B24: единиц | C24: 6 | D24: =C24 -> 6 | E24: =D24 -> 6
A25: среднемесячная заработная плата 1 ед. | B25: тенге | C25: =C23/C24/12*1000 -> 132402.78 | D25: =C25 -> 132402.78 | E25: =D25 -> 132402.78
A26: 3.4. Вспомогательный и технический персонал | B26: тыс. тенге | C26: 14525 | D26: =C26/4 -> 3631.25 | E26: =D26 -> 3631.25
A27: штатная численность | B27: единиц | C27: 18.5 | D27: =C27 -> 18.5 | E27: =D27 -> 18.5
A28: среднемесячная заработная плата 1 ед. | B28: тенге | C28: =C26/12/C27*1000 -> 65427.928 | D28: =C28 -> 65427.928 | E28: =D28 -> 65427.928
A29: 2. Налоги и другие обязательные платежи в бюджет | B29: тыс. тенге | C29: =C15*11.18% -> 16357.682 | D29: =D15*11.18% -> 4089.4204 | E29: =E15*11.18% -> 4089.4204
A30: 3. Коммунальные расходы (свет, вода, отопление, связь,интернет, ареднда помещений и др.) | B30: тыс. тенге | C30: 6831 | D30: =C30/4 -> 1707.75 | E30: =D30 -> 1707.75
A31: 4. Текущий ремонт помещений и оборудования | B31: тыс. тенге | C31: 1100 | D31: =C31 -> 1100 | E31: =D31 -> 1100
A32: 5. Капитальные расходы (капительный ремонт, приобретение основных средств) | B32: тыс. тенге | C32: 2208 | D32: 208 | E32: 208
A33: 6. Прочие расходы (приобретение литературы, канцелярских и хозяйственных товаров и др.) | B33: тыс. тенге | C33: 7474 | D33: =C33/4 -> 1868.5 | E33: =D33 -> 1868.5 | F33: 0
C34: =C33+C32+C31+C30+C29+C15 -> 180282.68

Sheet Кудку агашСШ
A1: Основные показатели финансовой деятельности организации образования
A2: по состоянию на "1 "апреля 2022 г.
A4: КГУ«Общеобразовательная школа имени Рамазана Елебаева села Кудукагаш отдела образования по району Биржан сал управления образования Акмолинской области»;
A5: (наименование организации образования)
A7: Периодичность: ежеквартально
A9: Среднее образование | B9: ед. изм. | C9: 2022 год
C10: годовой план | D10: план на период | E10: факт
A11: 1. Среднегодовой контингент обучающиеся | B11: чел. | C11: 74 | D11: =C11 -> 74 | E11: =D11 -> 74
A12: средний расход на 1-го обучающегося | B12: тыс. тенге | C12: =(C13-C32)/C11 -> 1610.0419 | D12: =(D13-D32)/D11 -> 407.57805 | E12: =(E13-E32)/E11 -> 407.57805
A13: 2. Всего расходы, тыс.тенге | B13: тыс. тенге | C13: =C15+C29+C30+C33+C31+C32 -> 121351.1 | D13: =D15+D29+D30+D33+D31+D32 -> 32368.776 | E13: =E15+E29+E30+E33+E31+E32 -> 32368.776
A14: в том числе: | D14: =C14 -> 0 | E14: =D14 -> 0
A15: 3. Фонд заработной платы | B15: тыс. тенге | C15: =C17+C20+C23+C26 -> 96441 | D15: =D17+D20+D23+D26 -> 24110.25 | E15: =E17+E20+E23+E26 -> 24110.25
A16: из них: | D16: =C16 -> 0 | E16: =D16 -> 0
A17: 3.1. Административный персонал | B17: тыс. тенге | C17: 8305 | D17: =C17/4 -> 2076.25 | E17: =D17 -> 2076.25
A18: штатная численность | B18: единиц | C18: 3 | D18: =C18 -> 3 | E18: =D18 -> 3
A19: среднемесячная заработная плата 1 ед. | B19: тенге | C19: =C17/12/C18*1000 -> 230694.44 | D19: =D17/3/D18*1000 -> 230694.44 | E19: =D19 -> 230694.44
A20: 3.2. Основной персонал - учителя | B20: тыс. тенге | C20: 67425 | D20: =C20/4 -> 16856.25 | E20: =D20 -> 16856.25
A21: штатная численность | B21: единиц | C21: 21.75 | D21: =C21 -> 21.75 | E21: =D21 -> 21.75
A22: среднемесячная заработная плата 1 ед. | B22: тенге | C22: =C20/12/C21*1000 -> 258333.33 | D22: =C22 -> 258333.33 | E22: =D22 -> 258333.33
A23: 3.3. Прочий педагогический персонал (педагог-психолог, социальный педагог, вожатый и др.) | B23: тыс. тенге | C23: 7043 | D23: =C23/4 -> 1760.75 | E23: =D23 -> 1760.75
A24: штатная численность | B24: единиц | C24: 3.5 | D24: =C24 -> 3.5 | E24: =D24 -> 3.5
A25: среднемесячная заработная плата 1 ед. | B25: тенге | C25: =C23/12/C24*1000 -> 167690.48 | D25: =C25 -> 167690.48 | E25: =D25 -> 167690.48
A26: 3.4. Вспомогательный и технический персонал | B26: тыс. тенге | C26: 13668 | D26: =C26/4 -> 3417 | E26: =D26 -> 3417
A27: штатная численность | B27: единиц | C27: 18 | D27: =C27 -> 18 | E27: =D27 -> 18
A28: среднемесячная заработная плата 1 ед. | B28: тенге | C28: =C26/12/C27*1000 -> 63277.778 | D28: =C28 -> 63277.778 | E28: =D28 -> 63277.778
A29: 2. Налоги и другие обязательные платежи в бюджет | B29: тыс. тенге | C29: =C15*11.18% -> 10782.104 | D29: =D15*11.18% -> 2695.5259 | E29: =E15*11.18% -> 2695.5259
A30: 3. Коммунальные расходы (свет, вода, отопление, связь,интернет, ареднда помещений и др.) | B30: тыс. тенге | C30: 5825 | D30: =C30/4 -> 1456.25 | E30: =D30 -> 1456.25
A31: 4. Текущий ремонт помещений и оборудования | B31: тыс. тенге | C31: 500 | D31: =C31 -> 500 | E31: =D31 -> 500
A32: 5. Капитальные расходы (капительный ремонт, приобретение основных средств) | B32: тыс. тенге | C32: 2208 | D32: =C32 -> 2208 | E32: =D32 -> 2208
A33: 6. Прочие расходы (приобретение литературы, канцелярских и хозяйственных товаров и др.) | B33: тыс. тенге | C33: 5595 | D33: =C33/4 -> 1398.75 | E33: =D33 -> 1398.75
C34: =C33+C32+C31+C30+C29+C15 -> 121351.1

Sheet Саулинская СШ
A1: Основные показатели финансовой деятельности организации образования
A2: по состоянию на "1 "апреля 2022 г.
A4: КГУ «Общеобразовательная школа имени Шарапи Альжанова села Сауле отдела образования по району Биржан сал управления образования Акмолинской области»;
A5: (наименование организации образования)
A7: Периодичность: ежеквартально
A9: Среднее образование | B9: ед. изм. | C9: 2022 год
C10: годовой план | D10: план на период | E10: факт
A11: 1. Среднегодовой контингент обучающиеся | B11: чел. | C11: 71 | D11: =C11 -> 71 | E11: =D11 -> 71
A12: средний расход на 1-го обучающегося | B12: тыс. тенге | C12: =(C13-C32)/C11 -> 1675.8247 | D12: =(D13-D32)/D11 -> 1259.8073 | E12: =(E13-E32)/E11 -> 1259.8073
A13: 2. Всего расходы, тыс.тенге | B13: тыс. тенге | C13: =C15+C29+C30+C33+C31+C32 -> 118983.56 | D13: =D15+D29+D30+D33+D31+D32 -> 89446.317 | E13: =E15+E29+E30+E33+E31+E32 -> 89446.317
A14: в том числе: | C14: 0 | D14: =C14 -> 0 | E14: =D14 -> 0
A15: 3. Фонд заработной платы | B15: тыс. тенге | C15: =C17+C20+C23+C26 -> 97259 | D15: =D17+D20+D23+D26 -> 77677.25 | E15: =E17+E20+E23+E26 -> 77677.25
A16: из них: | C16: 0 | D16: =C16 -> 0 | E16: =D16 -> 0
A17: 3.1. Административный персонал | B17: тыс. тенге | C17: 4588 | D17: =C17/4 -> 1147 | E17: =D17 -> 1147
A18: штатная численность | B18: единиц | C18: 2 | D18: =C18 -> 2 | E18: =D18 -> 2
A19: среднемесячная заработная плата 1 ед. | B19: тенге | C19: =C17/C18/12*1000+200 -> 191366.67 | D19: =C19 -> 191366.67 | E19: =D19 -> 191366.67
A20: 3.2. Основной персонал - учителя | B20: тыс. тенге | C20: 71150 | D20: =C20 -> 71150 | E20: =D20 -> 71150
A21: штатная численность | B21: единиц | C21: 21.4 | D21: =C21 -> 21.4 | E21: =D21 -> 21.4
A22: среднемесячная заработная плата 1 ед. | B22: тенге | C22: =C20/12/C21*1000 -> 277063.86 | D22: =C22 -> 277063.86 | E22: =D22 -> 277063.86
A23: 3.3. Прочий педагогический персонал (педагог-психолог, социальный педагог, вожатый и др.) | B23: тыс. тенге | C23: 6083 | D23: =C23/4 -> 1520.75 | E23: =D23 -> 1520.75
A24: штатная численность | B24: единиц | C24: 3.5 | D24: =C24 -> 3.5 | E24: =D24 -> 3.5
A25: среднемесячная заработная плата 1 ед. | B25: тенге | C25: =C23/C24/12*1000 -> 144833.33 | D25: =C25 -> 144833.33 | E25: =D25 -> 144833.33
A26: 3.4. Вспомогательный и технический персонал | B26: тыс. тенге | C26: 15438 | D26: =C26/4 -> 3859.5 | E26: =D26 -> 3859.5
A27: штатная численность | B27: единиц | C27: 18.75 | D27: =C27 -> 18.75 | E27: =D27 -> 18.75
A28: среднемесячная заработная плата 1 ед. | B28: тенге | C28: =C26/12/C27*1000 -> 68613.333 | D28: =C28 -> 68613.333 | E28: =D28 -> 68613.333
A29: 2. Налоги и другие обязательные платежи в бюджет | B29: тыс. тенге | C29: =C15*11.18% -> 10873.556 | D29: =D15*11.18% -> 8684.3165 | E29: =E15*11.18% -> 8684.3165
A30: 3. Коммунальные расходы (свет, вода, отопление, связь,интернет, ареднда помещений и др.) | B30: тыс. тенге | C30: 4967 | D30: =C30/4 -> 1241.75 | E30: =D30 -> 1241.75
A31: 4. Текущий ремонт помещений и оборудования | B31: тыс. тенге | C31: 496 | D31: =C31 -> 496 | E31: =D31 -> 496
A32: 5. Капитальные расходы (капительный ремонт, приобретение основных средств) | B32: тыс. тенге
A33: 6. Прочие расходы (приобретение литературы, канцелярских и хозяйственных товаров и др.) | B33: тыс. тенге | C33: 5388 | D33: =C33/4 -> 1347 | E33: =D33 -> 1347
C34: =C33+C32+C31+C30+C29+C15 -> 118983.56

Sheet Енбекшильдерская СШ
A1: Основные показатели финансовой деятельности организации образования
A2: по состоянию на "1 "апреля 2022 г.
A4: КГУ «Общеобразовательная школа села Енбекшильдерское отдела образования по району Биржан сал управления образования Акмолинской области»;
A5: (наименование организации образования)
A7: Периодичность: ежеквартально
A9: Среднее образование | B9: ед. изм. | C9: 2022 год
C10: годовой план | D10: план на период | E10: факт
A11: 1. Среднегодовой контингент обучающиеся | B11: чел. | C11: 131 | D11: =C11 -> 131 | E11: =D11 -> 131
A12: средний расход на 1-го обучающегося | B12: тыс. тенге | C12: =(C13-C32)/C11 -> 1236.2562 | D12: =(D13-D32)/D11 -> 302.76443 | E12: =(E13-E32)/E11 -> 302.76443
A13: 2. Всего расходы, тыс.тенге | B13: тыс. тенге | C13: =C15+C29+C30+C33+C31+C32 -> 167157.56 | D13: =D15+D29+D30+D33+D31+D32 -> 44870.141 | E13: =E15+E29+E30+E33+E31+E32 -> 44870.141
A14: в том числе: | C14: 0 | D14: =C14 -> 0 | E14: =D14 -> 0
A15: 3. Фонд заработной платы | B15: тыс. тенге | C15: =C17+C20+C23+C26 -> 131946 | D15: =D17+D20+D23+D26 -> 32986.5 | E15: =E17+E20+E23+E26 -> 32986.5
A16: из них: | C16: 0 | D16: =C16 -> 0 | E16: =D16 -> 0
A17: 3.1. Административный персонал | B17: тыс. тенге | C17: 8209 | D17: =C17/4 -> 2052.25 | E17: =D17 -> 2052.25
A18: штатная численность | B18: единиц | C18: 4 | D18: =C18 -> 4 | E18: =D18 -> 4
A19: среднемесячная заработная плата 1 ед. | B19: тенге | C19: =C17/C18/12*1000+200 -> 171220.83 | D19: =C19 -> 171220.83 | E19: =D19 -> 171220.83
A20: 3.2. Основной персонал - учителя | B20: тыс. тенге | C20: 97187 | D20: =C20/4 -> 24296.75 | E20: =D20 -> 24296.75
A21: штатная численность | B21: единиц | C21: 31.9 | D21: =C21 -> 31.9 | E21: =D21 -> 31.9
A22: среднемесячная заработная плата 1 ед. | B22: тенге | C22: =C20/12/C21*1000 -> 253884.54 | D22: =C22 -> 253884.54 | E22: =D22 -> 253884.54
A23: 3.3. Прочий педагогический персонал (педагог-психолог, социальный педагог, вожатый и др.) | B23: тыс. тенге | C23: 9746 | D23: =C23/4 -> 2436.5 | E23: =D23 -> 2436.5
A24: штатная численность | B24: единиц | C24: 5 | D24: =C24 -> 5 | E24: =D24 -> 5
A25: среднемесячная заработная плата 1 ед. | B25: тенге | C25: =C23/C24/12*1000 -> 162433.33 | D25: =C25 -> 162433.33 | E25: =D25 -> 162433.33
A26: 3.4. Вспомогательный и технический персонал | B26: тыс. тенге | C26: 16804 | D26: =C26/4 -> 4201 | E26: =D26 -> 4201
A27: штатная численность | B27: единиц | C27: 21.5 | D27: =C27 -> 21.5 | E27: =D27 -> 21.5
A28: среднемесячная заработная плата 1 ед. | B28: тенге | C28: =C26/12/C27*1000 -> 65131.783 | D28: =C28 -> 65131.783 | E28: =D28 -> 65131.783
A29: 2. Налоги и другие обязательные платежи в бюджет | B29: тыс. тенге | C29: =C15*11.18% -> 14751.563 | D29: =D15*11.18% -> 3687.8907 | E29: =E15*11.18% -> 3687.8907
A30: 3. Коммунальные расходы (свет, вода, отопление, связь,интернет, ареднда помещений и др.) | B30: тыс. тенге | C30: 6703 | D30: =C30/4 -> 1675.75 | E30: =D30 -> 1675.75
A31: 4. Текущий ремонт помещений и оборудования | B31: тыс. тенге
A32: 5. Капитальные расходы (капительный ремонт, приобретение основных средств) | B32: тыс. тенге | C32: 5208 | D32: =C32 -> 5208 | E32: =D32 -> 5208
A33: 6. Прочие расходы (приобретение литературы, канцелярских и хозяйственных товаров и др.) | B33: тыс. тенге | C33: 8549 | D33: 1312 | E33: =D33 -> 1312
C34: =C33+C32+C31+C30+C29+C15 -> 167157.56

Sheet Буландинская СШ
A1: Основные показатели финансовой деятельности организации образования
A2: по состоянию на "1 "апреля 2022 г.
A4: КГУ «Общеобразовательная школа села Буланды отдела образования по району Биржан сал управления образования Акмолинской области»;
A5: (наименование организации образования)
A7: Периодичность: ежеквартально
A9: Среднее образование | B9: ед. изм. | C9: 2022 год
C10: годовой план | D10: план на период | E10: факт
A11: 1. Среднегодовой контингент обучающиеся | B11: чел. | C11: 66 | D11: =C11 -> 66 | E11: =D11 -> 66
A12: средний расход на 1-го обучающегося В ГОД | B12: тыс. тенге | C12: =(C13-C32)/C11 -> 1990.5207 | D12: =(D13-D32)/D11 -> 497.63016 | E12: =(E13-E32)/E11 -> 497.63016
A13: 2. Всего расходы, тыс.тенге | B13: тыс. тенге | C13: =C15+C29+C30+C33+C31+C32 -> 131374.36 | D13: =D15+D29+D30+D33+D31+D32 -> 32843.591 | E13: =E15+E29+E30+E33+E31+E32 -> 32843.591
A14: в том числе: | D14: =C14 -> 0 | E14: =D14 -> 0
A15: 3. Фонд заработной платы | B15: тыс. тенге | C15: =C17+C20+C23+C26 -> 112785 | D15: =D17+D20+D23+D26 -> 28196.25 | E15: =E17+E20+E23+E26 -> 28196.25
A16: из них: | D16: =C16 -> 0 | E16: =D16 -> 0
A17: 3.1. Административный персонал | B17: тыс. тенге | C17: 8564 | D17: =C17/4 -> 2141 | E17: =D17 -> 2141
A18: штатная численность | B18: единиц | C18: 3 | D18: =C18 -> 3 | E18: =D18 -> 3
A19: среднемесячная заработная плата 1 ед. | B19: тенге | C19: =C17/C18/12*1000+200 -> 238088.89 | D19: =C19 -> 238088.89 | E19: =D19 -> 238088.89
A20: 3.2. Основной персонал - учителя | B20: тыс. тенге | C20: 86143 | D20: =C20/4 -> 21535.75 | E20: =D20 -> 21535.75
A21: штатная численность | B21: единиц | C21: 27.1 | D21: =C21 -> 27.1 | E21: =D21 -> 27.1
A22: среднемесячная заработная плата 1 ед. | B22: тенге | C22: =C20/12/C21*1000 -> 264892.37 | D22: =C22 -> 264892.37 | E22: =D22 -> 264892.37
A23: 3.3. Прочий педагогический персонал (педагог-психолог, социальный педагог, вожатый и др.) | B23: тыс. тенге | C23: 7317 | D23: =C23/4 -> 1829.25 | E23: =D23 -> 1829.25
A24: штатная численность | B24: единиц | C24: 4 | D24: =C24 -> 4 | E24: =D24 -> 4
A25: среднемесячная заработная плата 1 ед. | B25: тенге | C25: =C23/C24/12*1000 -> 152437.5 | D25: =C25 -> 152437.5 | E25: =D25 -> 152437.5
A26: 3.4. Вспомогательный и технический персонал | B26: тыс. тенге | C26: 10761 | D26: =C26/4 -> 2690.25 | E26: =D26 -> 2690.25
A27: штатная численность | B27: единиц | C27: 13.5 | D27: =C27 -> 13.5 | E27: =D27 -> 13.5
A28: среднемесячная заработная плата 1 ед. | B28: тенге | C28: =C26/12/C27*1000 -> 66425.926 | D28: =C28 -> 66425.926 | E28: =D28 -> 66425.926
A29: 2. Налоги и другие обязательные платежи в бюджет | B29: тыс. тенге | C29: =C15*11.18% -> 12609.363 | D29: =D15*11.18% -> 3152.3407 | E29: =E15*11.18% -> 3152.3407
A30: 3. Коммунальные расходы (свет, вода, отопление, связь,интернет, ареднда помещений и др.) | B30: тыс. тенге | C30: 2696 | D30: =C30/4 -> 674 | E30: =D30 -> 674
A31: 4. Текущий ремонт помещений и оборудования | B31: тыс. тенге
A32: 5. Капитальные расходы (капительный ремонт, приобретение основных средств) | B32: тыс. тенге
A33: 6. Прочие расходы (приобретение литературы, канцелярских и хозяйственных товаров и др.) | B33: тыс. тенге | C33: 3284 | D33: =C33/4 -> 821 | E33: =D33 -> 821
C34: =C33+C32+C31+C30+C29+C15 -> 131374.36

Sheet 2020
A1: Основные показатели финансовой деятельности организации образования
A2: по состоянию на "1 "апреля 2021 г.
A4: КГУ «Общеобразовательная школа села Буланды отдела образования по району Биржан сал управления образования Акмолинской области»;
A5: (наименование организации образования)
A7: Периодичность: ежеквартально
A9: Среднее образование | B9: ед. изм. | C9: 2021 год
C10: годовой план | D10: план на период | E10: факт
A11: 1. Среднегодовой контингент обучающиеся | B11: чел. | C11: 61 | D11: =C11 -> 61 | E11: =D11 -> 61
A12: средний расход на 1-го обучающегося В ГОД | B12: тыс. тенге | C12: =(C13-C32)/C11 -> 1829.4847 | D12: =(D13-D32)/D11 -> 457.37117 | E12: =(E13-E32)/E11 -> 457.37117
A13: 2. Всего расходы, тыс.тенге | B13: тыс. тенге | C13: =C15+C29+C30+C33+C31+C32 -> 111598.57 | D13: =D15+D29+D30+D33+D31+D32 -> 27899.642 | E13: =E15+E29+E30+E33+E31+E32 -> 27899.642
A14: в том числе: | D14: =C14 -> 0 | E14: =D14 -> 0
A15: 3. Фонд заработной платы | B15: тыс. тенге | C15: =C17+C20+C23+C26 -> 94313.1 | D15: =D17+D20+D23+D26 -> 23578.275 | E15: =E17+E20+E23+E26 -> 23578.275
A16: из них: | D16: =C16 -> 0 | E16: =D16 -> 0
A17: 3.1. Административный персонал | B17: тыс. тенге | C17: 5076.4 | D17: =C17/4 -> 1269.1 | E17: =D17 -> 1269.1
A18: штатная численность | B18: единиц | C18: 3 | D18: =C18 -> 3 | E18: =D18 -> 3
A19: среднемесячная заработная плата 1 ед. | B19: тенге | C19: =C17/C18/12*1000+200 -> 141211.11 | D19: =C19 -> 141211.11 | E19: =D19 -> 141211.11
A20: 3.2. Основной персонал - учителя | B20: тыс. тенге | C20: 70514.2 | D20: =C20/4 -> 17628.55 | E20: =D20 -> 17628.55
A21: штатная численность | B21: единиц | C21: 24.1 | D21: =C21 -> 24.1 | E21: =D21 -> 24.1
A22: среднемесячная заработная плата 1 ед. | B22: тенге | C22: =C20/12/C21*1000 -> 243825.03 | D22: =C22 -> 243825.03 | E22: =D22 -> 243825.03
A23: 3.3. Прочий педагогический персонал (педагог-психолог, социальный педагог, вожатый и др.) | B23: тыс. тенге | C23: 4069.9 | D23: =C23/4 -> 1017.475 | E23: =D23 -> 1017.475
A24: штатная численность | B24: единиц | C24: 3 | D24: =C24 -> 3 | E24: =D24 -> 3
A25: среднемесячная заработная плата 1 ед. | B25: тенге | C25: =C23/C24/12*1000 -> 113052.78 | D25: =C25 -> 113052.78 | E25: =D25 -> 113052.78
A26: 3.4. Вспомогательный и технический персонал | B26: тыс. тенге | C26: 14652.6 | D26: =C26/4 -> 3663.15 | E26: =D26 -> 3663.15
A27: штатная численность | B27: единиц | C27: 16.5 | D27: =C27 -> 16.5 | E27: =D27 -> 16.5
A28: среднемесячная заработная плата 1 ед. | B28: тенге | C28: =C26/12/C27*1000 -> 74003.03 | D28: =C28 -> 74003.03 | E28: =D28 -> 74003.03
A29: 2. Налоги и другие обязательные платежи в бюджет | B29: тыс. тенге | C29: =C15*10.05% -> 9478.4665 | D29: =D15*10.05% -> 2369.6166 | E29: =E15*10.05% -> 2369.6166
A30: 3. Коммунальные расходы (свет, вода, отопление, связь,интернет, ареднда помещений и др.) | B30: тыс. тенге | C30: 4523 | D30: =C30/4 -> 1130.75 | E30: =D30 -> 1130.75
A31: 4. Текущий ремонт помещений и оборудования | B31: тыс. тенге
A32: 5. Капитальные расходы (капительный ремонт, приобретение основных средств) | B32: тыс. тенге
A33: 6. Прочие расходы (приобретение литературы, канцелярских и хозяйственных товаров и др.) | B33: тыс. тенге | C33: 3284 | D33: =C33/4 -> 821 | E33: =D33 -> 821

Sheet Когамская СШ
A1: Основные показатели финансовой деятельности организации образования
A2: по состоянию на "1 "апреля 2022 г.
A4: КГУ Общеобразовательная школа имени Шаймердена Косшыгулова села Когам отдела образования по району Биржан сал управления образования Акмолинской области»;
A5: (наименование организации образования)
A7: Периодичность: ежеквартально
A9: Среднее образование | B9: ед. изм. | C9: 2022 год
C10: годовой план | D10: план на период | E10: факт
A11: 1. Среднегодовой контингент обучающиеся | B11: чел. | C11: 69 | D11: =C11 -> 69 | E11: =D11 -> 69
A12: средний расход на 1-го обучающегося | B12: тыс. тенге | C12: =(C13-C32)/C11 -> 1777.2784 | D12: =(D13-D32)/D11 -> 444.31959 | E12: =(E13-E32)/E11 -> 444.31959
A13: 2. Всего расходы, тыс.тенге | B13: тыс. тенге | C13: =C15+C29+C30+C33+C31+C32 -> 122840.21 | D13: =D15+D29+D30+D33+D31+D32 -> 30866.052 | E13: =E15+E29+E30+E33+E31+E32 -> 30866.052
A14: в том числе: | D14: =C14 -> 0 | E14: =D14 -> 0
A15: 3. Фонд заработной платы | B15: тыс. тенге | C15: =C17+C20+C23+C26 -> 99009 | D15: =D17+D20+D23+D26 -> 24752.25 | E15: =E17+E20+E23+E26 -> 24752.25
A16: из них: | D16: =C16 -> 0 | E16: =D16 -> 0
A17: 3.1. Административный персонал | B17: тыс. тенге | C17: 8279 | D17: =C17/4 -> 2069.75 | E17: =D17 -> 2069.75
A18: штатная численность | B18: единиц | C18: 3 | D18: =C18 -> 3 | E18: =D18 -> 3
A19: среднемесячная заработная плата 1 ед. | B19: тенге | C19: =C17/C18/12*1000+200 -> 230172.22 | D19: =C19 -> 230172.22 | E19: =D19 -> 230172.22
A20: 3.2. Основной персонал - учителя | B20: тыс. тенге | C20: 67713 | D20: =C20/4 -> 16928.25 | E20: =D20 -> 16928.25
A21: штатная численность | B21: единиц | C21: 21.6 | D21: =C21 -> 21.6 | E21: =D21 -> 21.6
A22: среднемесячная заработная плата 1 ед. | B22: тенге | C22: =C20/12/C21*1000 -> 261238.43 | D22: =C22 -> 261238.43 | E22: =D22 -> 261238.43
A23: 3.3. Прочий педагогический персонал (педагог-психолог, социальный педагог, вожатый и др.) | B23: тыс. тенге | C23: 9077 | D23: =C23/4 -> 2269.25 | E23: =D23 -> 2269.25
A24: штатная численность | B24: единиц | C24: 4.5 | D24: =C24 -> 4.5 | E24: =D24 -> 4.5
A25: среднемесячная заработная плата 1 ед. | B25: тенге | C25: =C23/C24/12*1000 -> 168092.59 | D25: =C25 -> 168092.59 | E25: =D25 -> 168092.59
A26: 3.4. Вспомогательный и технический персонал | B26: тыс. тенге | C26: 13940 | D26: =C26/4 -> 3485 | E26: =D26 -> 3485
A27: штатная численность | B27: единиц | C27: 18.5 | D27: =C27 -> 18.5 | E27: =D27 -> 18.5
A28: среднемесячная заработная плата 1 ед. | B28: тенге | C28: =C26/12/C27*1000 -> 62792.793 | D28: =C28 -> 62792.793 | E28: =D28 -> 62792.793
A29: 2. Налоги и другие обязательные платежи в бюджет | B29: тыс. тенге | C29: =C15*11.18% -> 11069.206 | D29: =D15*11.18% -> 2767.3016 | E29: =E15*11.18% -> 2767.3016
A30: 3. Коммунальные расходы (свет, вода, отопление, связь,интернет, ареднда помещений и др.) | B30: тыс. тенге | C30: 5467 | D30: =C30/4 -> 1366.75 | E30: =D30 -> 1366.75
A31: 4. Текущий ремонт помещений и оборудования | B31: тыс. тенге | E31: =D31 -> 0
A32: 5. Капитальные расходы (капительный ремонт, приобретение основных средств) | B32: тыс. тенге | C32: 208 | D32: =C32 -> 208 | E32: =D32 -> 208
A33: 6. Прочие расходы (приобретение литературы, канцелярских и хозяйственных товаров и др.) | B33: тыс. тенге | C33: 7087 | D33: =C33/4 -> 1771.75 | E33: =D33 -> 1771.75
C34: =C33+C32+C31+C30+C29+C15 -> 122840.21

Sheet Бирсуатская СШ
A1: Основные показатели финансовой деятельности организации образования
A2: по состоянию на "1 "апреля 2022 г.
A4: КГУ «Общеобразовательная школа села Бирсуат отдела образования по району Биржан сал управления образования Акмолинской области»;
A5: (наименование организации образования)
A7: Периодичность: ежеквартально
A9: Среднее образование | B9: ед. изм. | C9: 2022 год
C10: годовой план | D10: план на период | E10: факт
A11: 1. Среднегодовой контингент обучающиеся | B11: чел. | C11: 74 | D11: =C11 -> 74 | E11: =D11 -> 74
A12: средний расход на 1-го обучающегося | B12: тыс. тенге | C12: =(C13-C32)/C11 -> 1798.6333 | D12: =(D13-D32)/D11 -> 539.82681 | E12: =(E13-E32)/E11 -> 539.82681
A13: 2. Всего расходы, тыс.тенге | B13: тыс. тенге | C13: =C15+C29+C30+C33+C31+C32 -> 133306.86 | D13: =D15+D29+D30+D33+D31+D32 -> 40155.184 | E13: =E15+E29+E30+E33+E31+E32 -> 40155.184
A14: в том числе: | D14: =C14 -> 0 | E14: =D14 -> 0
A15: 3. Фонд заработной платы | B15: тыс. тенге | C15: =C17+C20+C23+C26 -> 108836 | D15: =D17+D20+D23+D26 -> 33210.5 | E15: =E17+E20+E23+E26 -> 33210.5
A16: из них: | D16: =C16 -> 0 | E16: =D16 -> 0
A17: 3.1. Административный персонал | B17: тыс. тенге | C17: 7095 | D17: =C17/4 -> 1773.75 | E17: =D17 -> 1773.75
A18: штатная численность | B18: единиц | C18: 3 | D18: =C18 -> 3 | E18: =D18 -> 3
A19: среднемесячная заработная плата 1 ед. | B19: тенге | C19: =C17/C18/12*1000+200 -> 197283.33 | D19: =C19 -> 197283.33 | E19: =D19 -> 197283.33
A20: 3.2. Основной персонал - учителя | B20: тыс. тенге | C20: 80073 | D20: =C20/4 -> 20018.25 | E20: =D20 -> 20018.25
A21: штатная численность | B21: единиц | C21: 26.5 | D21: =C21 -> 26.5 | E21: =D21 -> 26.5
A22: среднемесячная заработная плата 1 ед. | B22: тенге | C22: =C20/12/C21*1000 -> 251801.89 | D22: =C22 -> 251801.89 | E22: =D22 -> 251801.89
A23: 3.3. Прочий педагогический персонал (педагог-психолог, социальный педагог, вожатый и др.) | B23: тыс. тенге | C23: 8002 | D23: =C23 -> 8002 | E23: =D23 -> 8002
A24: штатная численность | B24: единиц | C24: 5 | D24: =C24 -> 5 | E24: =D24 -> 5
A25: среднемесячная заработная плата 1 ед. | B25: тенге | C25: =C23/C24/12*1000 -> 133366.67 | D25: =C25 -> 133366.67 | E25: =D25 -> 133366.67
A26: 3.4. Вспомогательный и технический персонал | B26: тыс. тенге | C26: 13666 | D26: =C26/4 -> 3416.5 | E26: =D26 -> 3416.5
A27: штатная численность | B27: единиц | C27: 17.5 | D27: =C27 -> 17.5 | E27: =D27 -> 17.5
A28: среднемесячная заработная плата 1 ед. | B28: тенге | C28: =C26/12/C27*1000 -> 65076.19 | D28: =C28 -> 65076.19 | E28: =D28 -> 65076.19
A29: 2. Налоги и другие обязательные платежи в бюджет | B29: тыс. тенге | C29: =C15*11.18% -> 12167.865 | D29: =D15*11.18% -> 3712.9339 | E29: =E15*11.18% -> 3712.9339
A30: 3. Коммунальные расходы (свет, вода, отопление, связь,интернет, ареднда помещений и др.) | B30: тыс. тенге | C30: 5262 | D30: =C30/4 -> 1315.5 | E30: =D30 -> 1315.5
A31: 4. Текущий ремонт помещений и оборудования | B31: тыс. тенге | C31: 0 | D31: =C31 -> 0 | E31: =D31 -> 0
A32: 5. Капитальные расходы (капительный ремонт, приобретение основных средств) | B32: тыс. тенге | C32: 208 | D32: =C32 -> 208 | E32: =D32 -> 208
A33: 6. Прочие расходы (приобретение литературы, канцелярских и хозяйственных товаров и др.) | B33: тыс. тенге | C33: 6833 | D33: =C33/4 -> 1708.25 | E33: =D33 -> 1708.25
C34: =C33+C32+C31+C30+C29+C15 -> 133306.86

Sheet Кенащинская СШ
A1: Основные показатели финансовой деятельности организации образования
A2: по состоянию на "1 "апреля 2022 г.
A4: КГУ «Общеобразовательная школа села Кенащи отдела образования по району Биржан сал управления образования Акмолинской области»;
A5: (наименование организации образования)
A7: Периодичность: ежеквартально
A9: Среднее образование | B9: ед. изм. | C9: 2022 год
C10: годовой план | D10: план на период | E10: факт
A11: 1. Среднегодовой контингент обучающиеся | B11: чел. | C11: 83 | D11: =C11 -> 83 | E11: =D11 -> 83
A12: средний расход на 1-го обучающегося | B12: тыс. тенге | C12: =(C13-C32)/C11 -> 1497.7165 | D12: =(D13-D32)/D11 -> 374.42913 | E12: =(E13-E32)/E11 -> 374.42913
A13: 2. Всего расходы, тыс.тенге | B13: тыс. тенге | C13: =C15+C29+C30+C33+C31+C32 -> 124310.47 | D13: =D15+D29+D30+D33+D31+D32 -> 31077.618 | E13: =E15+E29+E30+E33+E31+E32 -> 31077.618
A14: в том числе: | D14: =C14 -> 0 | E14: =D14 -> 0
A15: 3. Фонд заработной платы | B15: тыс. тенге | C15: =C17+C20+C23+C26 -> 96650 | D15: =D17+D20+D23+D26 -> 24162.5 | E15: =E17+E20+E23+E26 -> 24162.5
A16: из них: | D16: =C16 -> 0 | E16: =D16 -> 0
A17: 3.1. Административный персонал | B17: тыс. тенге | C17: 8642 | D17: =C17/4 -> 2160.5 | E17: =D17 -> 2160.5
A18: штатная численность | B18: единиц | C18: 3 | D18: =C18 -> 3 | E18: =D18 -> 3
A19: среднемесячная заработная плата 1 ед. | B19: тенге | C19: =C17/C18/12*1000+200 -> 240255.56 | D19: =C19 -> 240255.56 | E19: =D19 -> 240255.56
A20: 3.2. Основной персонал - учителя | B20: тыс. тенге | C20: 69688 | D20: =C20/4 -> 17422 | E20: =D20 -> 17422
A21: штатная численность | B21: единиц | C21: 21.6 | D21: =C21 -> 21.6 | E21: =D21 -> 21.6
A22: среднемесячная заработная плата 1 ед. | B22: тенге | C22: =C20/12/C21*1000 -> 268858.02 | D22: =C22 -> 268858.02 | E22: =D22 -> 268858.02
A23: 3.3. Прочий педагогический персонал (педагог-психолог, социальный педагог, вожатый и др.) | B23: тыс. тенге | C23: 4848 | D23: =C23/4 -> 1212 | E23: =D23 -> 1212
A24: штатная численность | B24: единиц | C24: 2.5 | D24: =C24 -> 2.5 | E24: =D24 -> 2.5
A25: среднемесячная заработная плата 1 ед. | B25: тенге | C25: =C23/C24/12*1000 -> 161600 | D25: =C25 -> 161600 | E25: =D25 -> 161600
A26: 3.4. Вспомогательный и технический персонал | B26: тыс. тенге | C26: 13472 | D26: =C26/4 -> 3368 | E26: =D26 -> 3368
A27: штатная численность | B27: единиц | C27: 17 | D27: =C27 -> 17 | E27: =D27 -> 17
A28: среднемесячная заработная плата 1 ед. | B28: тенге | C28: =C26/12/C27*1000 -> 66039.216 | D28: =C28 -> 66039.216 | E28: =D28 -> 66039.216
A29: 2. Налоги и другие обязательные платежи в бюджет | B29: тыс. тенге | C29: =C15*11.18% -> 10805.47 | D29: =D15*11.18% -> 2701.3675 | E29: =E15*11.18% -> 2701.3675
A30: 3. Коммунальные расходы (свет, вода, отопление, связь,интернет, ареднда помещений и др.) | B30: тыс. тенге | C30: 5428 | D30: =C30/4 -> 1357 | E30: =D30 -> 1357
A31: 4. Текущий ремонт помещений и оборудования | B31: тыс. тенге | C31: 2863 | D31: =C31/4 -> 715.75 | E31: =D31 -> 715.75
A32: 5. Капитальные расходы (капительный ремонт, приобретение основных средств) | B32: тыс. тенге
A33: 6. Прочие расходы (приобретение литературы, канцелярских и хозяйственных товаров и др.) | B33: тыс. тенге | C33: 8564 | D33: =C33/4 -> 2141 | E33: =D33 -> 2141
C34: =C33+C32+C31+C30+C29+C15 -> 124310.47

Sheet Мамайская ОШ
A1: Основные показатели финансовой деятельности организации образования
A2: по состоянию на "1 "апреля 2022 г.
A4: КГУ«Основная средняя школа села Мамай отдела образования по району Биржан сал управления образования Акмолинской области»;
A5: (наименование организации образования)
A7: Периодичность: ежеквартально
A9: Среднее образование | B9: ед. изм. | C9: 2022 год
C10: годовой план | D10: план на период | E10: факт
A11: 1. Среднегодовой контингент обучающиеся | B11: чел. | C11: 30 | D11: =C11 -> 30 | E11: =D11 -> 30
A12: средний расход на 1-го обучающегося | B12: тыс. тенге | C12: =(C13-C32)/C11 -> 2230.9759 | D12: =(D13-D32)/D11 -> 557.74397 | E12: =(E13-E32)/E11 -> 557.74397
A13: 2. Всего расходы, тыс.тенге | B13: тыс. тенге | C13: =C15+C29+C30+C33+C31+C32 -> 87101.277 | D13: =D15+D29+D30+D33+D31+D32 -> 16940.319 | E13: =E15+E29+E30+E33+E31+E32 -> 16940.319
A14: в том числе: | D14: =C14 -> 0 | E14: =D14 -> 0
A15: 3. Фонд заработной платы | B15: тыс. тенге | C15: =C17+C20+C23+C26 -> 52176 | D15: =D17+D20+D23+D26 -> 13044 | E15: =E17+E20+E23+E26 -> 13044
A16: из них: | D16: =C16 -> 0 | E16: =D16 -> 0
A17: 3.1. Административный персонал | B17: тыс. тенге | C17: 6017 | D17: =C17/4 -> 1504.25 | E17: =D17 -> 1504.25
A18: штатная численность | B18: единиц | C18: 2 | D18: =C18 -> 2 | E18: =D18 -> 2
A19: среднемесячная заработная плата 1 ед. | B19: тенге | C19: =C17/C18/12*1000+200 -> 250908.33 | D19: =C19 -> 250908.33 | E19: =D19 -> 250908.33
A20: 3.2. Основной персонал - учителя | B20: тыс. тенге | C20: 31439 | D20: =C20/4 -> 7859.75 | E20: =D20 -> 7859.75
A21: штатная численность | B21: единиц | C21: 11.28 | D21: =C21 -> 11.28 | E21: =D21 -> 11.28
A22: среднемесячная заработная плата 1 ед. | B22: тенге | C22: =C20/12/C21*1000 -> 232262.12 | D22: =C22 -> 232262.12 | E22: =D22 -> 232262.12
A23: 3.3. Прочий педагогический персонал (педагог-психолог, социальный педагог, вожатый и др.) | B23: тыс. тенге | C23: 3839 | D23: =C23/4 -> 959.75 | E23: =D23 -> 959.75
A24: штатная численность | B24: единиц | C24: 2.5 | D24: =C24 -> 2.5 | E24: =D24 -> 2.5
A25: среднемесячная заработная плата 1 ед. | B25: тенге | C25: =C23/C24/12*1000 -> 127966.67 | D25: =C25 -> 127966.67 | E25: =D25 -> 127966.67
A26: 3.4. Вспомогательный и технический персонал | B26: тыс. тенге | C26: 10881 | D26: =C26/4 -> 2720.25 | E26: =D26 -> 2720.25
A27: штатная численность | B27: единиц | C27: 14 | D27: =C27 -> 14 | E27: =D27 -> 14
A28: среднемесячная заработная плата 1 ед. | B28: тенге | C28: =C26/12/C27*1000 -> 64767.857 | D28: =C28 -> 64767.857 | E28: =D28 -> 64767.857
A29: 2. Налоги и другие обязательные платежи в бюджет | B29: тыс. тенге | C29: =C15*11.18% -> 5833.2768 | D29: =D15*11.18% -> 1458.3192 | E29: =E15*11.18% -> 1458.3192
A30: 3. Коммунальные расходы (свет, вода, отопление, связь,интернет, ареднда помещений и др.) | B30: тыс. тенге | C30: 5251 | D30: =C30/4 -> 1312.75 | E30: =D30 -> 1312.75
A31: 4. Текущий ремонт помещений и оборудования | B31: тыс. тенге | C31: 0 | D31: =C31 -> 0 | E31: =D31 -> 0
A32: 5. Капитальные расходы (капительный ремонт, приобретение основных средств) | B32: тыс. тенге | C32: 20172 | D32: 208 | E32: =D32 -> 208
A33: 6. Прочие расходы (приобретение литературы, канцелярских и хозяйственных товаров и др.) | B33: тыс. тенге | C33: 3669 | D33: =C33/4 -> 917.25 | E33: =D33 -> 917.25
C34: =C33+C32+C31+C30+C29+C15 -> 87101.277

Sheet Заураловская ОШ
A1: Основные показатели финансовой деятельности организации образования
A2: по состоянию на "1 "апреля 2022 г.
A4: КГУ учреждение «Основная средняя школа села Заураловка отдела образования по району Биржан сал управления образования Акмолинской области»;
A5: (наименование организации образования)
A7: Периодичность: ежеквартально
A9: Среднее образование | B9: ед. изм. | C9: 2022 год
C10: годовой план | D10: план на период | E10: факт
A11: 1. Среднегодовой контингент обучающиеся | B11: чел. | C11: 39 | D11: =C11 -> 39 | E11: =D11 -> 39
A12: средний расход на 1-го обучающегося | B12: тыс. тенге | C12: =(C13-C32)/C11 -> 2118.8124 | D12: =(D13-D32)/D11 -> 529.7031 | E12: =(E13-E32)/E11 -> 529.7031
A13: 2. Всего расходы, тыс.тенге | B13: тыс. тенге | C13: =C15+C29+C30+C33+C31+C32 -> 101705.68 | D13: =D15+D29+D30+D33+D31+D32 -> 20866.421 | E13: =E15+E29+E30+E33+E31+E32 -> 20866.421
A14: в том числе: | D14: =C14 -> 0 | E14: =D14 -> 0
A15: 3. Фонд заработной платы | B15: тыс. тенге | C15: =C17+C20+C23+C26 -> 64702 | D15: =D17+D20+D23+D26 -> 16175.5 | E15: =E17+E20+E23+E26 -> 16175.5
A16: из них: | D16: =C16 -> 0 | E16: =D16 -> 0
A17: 3.1. Административный персонал | B17: тыс. тенге | C17: 6230 | D17: =C17/4 -> 1557.5 | E17: =D17 -> 1557.5
A18: штатная численность | B18: единиц | C18: 2 | D18: =C18 -> 2 | E18: =D18 -> 2
A19: среднемесячная заработная плата 1 ед. | B19: тенге | C19: =C17/12/C18*1000 -> 259583.33 | D19: =C19 -> 259583.33 | E19: =D19 -> 259583.33
A20: 3.2. Основной персонал - учителя | B20: тыс. тенге | C20: 41137 | D20: =C20/4 -> 10284.25 | E20: =D20 -> 10284.25
A21: штатная численность | B21: единиц | C21: 13.6 | D21: =C21 -> 13.6 | E21: =D21 -> 13.6
A22: среднемесячная заработная плата 1 ед. | B22: тенге | C22: =C20/12/C21*1000 -> 252064.95 | D22: =C22 -> 252064.95 | E22: =D22 -> 252064.95
A23: 3.3. Прочий педагогический персонал (педагог-психолог, социальный педагог, вожатый и др.) | B23: тыс. тенге | C23: 5730 | D23: =C23/4 -> 1432.5 | E23: =D23 -> 1432.5
A24: штатная численность | B24: единиц | C24: 3 | D24: =C24 -> 3 | E24: =D24 -> 3
A25: среднемесячная заработная плата 1 ед. | B25: тенге | C25: =C23/C24/12*1000 -> 159166.67 | D25: =C25 -> 159166.67 | E25: =D25 -> 159166.67
A26: 3.4. Вспомогательный и технический персонал | B26: тыс. тенге | C26: 11605 | D26: =C26/4 -> 2901.25 | E26: =D26 -> 2901.25
A27: штатная численность | B27: единиц | C27: 15 | D27: =C27 -> 15 | E27: =D27 -> 15
A28: среднемесячная заработная плата 1 ед. | B28: тенге | C28: =C26/12/C27*1000 -> 64472.222 | D28: =C28 -> 64472.222 | E28: =D28 -> 64472.222
A29: 2. Налоги и другие обязательные платежи в бюджет | B29: тыс. тенге | C29: =C15*11.18% -> 7233.6836 | D29: =D15*11.18% -> 1808.4209 | E29: =E15*11.18% -> 1808.4209
A30: 3. Коммунальные расходы (свет, вода, отопление, связь,интернет, ареднда помещений и др.) | B30: тыс. тенге | C30: 5979 | D30: =C30/4 -> 1494.75 | E30: =D30 -> 1494.75
A31: 4. Текущий ремонт помещений и оборудования | B31: тыс. тенге | C31: 0 | D31: =C31 -> 0 | E31: =D31 -> 0
A32: 5. Капитальные расходы (капительный ремонт, приобретение основных средств) | B32: тыс. тенге | C32: 19072 | D32: 208 | E32: =D32 -> 208
A33: 6. Прочие расходы (приобретение литературы, канцелярских и хозяйственных товаров и др.) | B33: тыс. тенге | C33: 4719 | D33: =C33/4 -> 1179.75 | E33: =D33 -> 1179.75
C34: =C33+C32+C31+C30+C29+C15 -> 101705.68

Sheet Макпальская ОШ
A1: Основные показатели финансовой деятельности организации образования
A2: по состоянию на "1 "апреля 2022 г.
A4: КГУ«Основная средняя школа села Макпал отдела образования по району Биржан сал управления образования Акмолинской области»;
A5: (наименование организации образования)
A7: Периодичность: ежеквартально
A9: Среднее образование | B9: ед. изм. | C9: 2022 год
C10: годовой план | D10: план на период | E10: факт
A11: 1. Среднегодовой контингент обучающиеся | B11: чел. | C11: 46 | D11: =C11 -> 46 | E11: =D11 -> 46
A12: средний расход на 1-го обучающегося | B12: тыс. тенге | C12: =(C13-C32)/C11 -> 2508.3222 | D12: =(D13-D32)/D11 -> 618.58598 | E12: =(E13-E32)/E11 -> 618.58598
A13: 2. Всего расходы, тыс.тенге | B13: тыс. тенге | C13: =C15+C29+C30+C33+C31+C32 -> 119927.82 | D13: =D15+D29+D30+D33+D31+D32 -> 32999.955 | E13: =E15+E29+E30+E33+E31+E32 -> 32999.955
A14: в том числе: | D14: =C14 -> 0 | E14: =D14 -> 0
A15: 3. Фонд заработной платы | B15: тыс. тенге | C15: =C17+C20+C23+C26 -> 94256 | D15: =D17+D20+D23+D26 -> 23564 | E15: =E17+E20+E23+E26 -> 23564
A16: из них: | D16: =C16 -> 0 | E16: =D16 -> 0
A17: 3.1. Административный персонал | B17: тыс. тенге | C17: 6427 | D17: =C17/4 -> 1606.75 | E17: =D17 -> 1606.75
A18: штатная численность | B18: единиц | C18: 2 | D18: =C18 -> 2 | E18: =D18 -> 2
A19: среднемесячная заработная плата 1 ед. | B19: тенге | C19: =C17/C18/12*1000+200 -> 267991.67 | D19: =C19 -> 267991.67 | E19: =D19 -> 267991.67
A20: 3.2. Основной персонал - учителя | B20: тыс. тенге | C20: 67407 | D20: =C20/4 -> 16851.75 | E20: =D20 -> 16851.75
A21: штатная численность | B21: единиц | C21: 20.7 | D21: =C21 -> 20.7 | E21: =D21 -> 20.7
A22: среднемесячная заработная плата 1 ед. | B22: тенге | C22: =C20/12/C21*1000 -> 271364.73 | D22: =C22 -> 271364.73 | E22: =D22 -> 271364.73
A23: 3.3. Прочий педагогический персонал (педагог-психолог, социальный педагог, вожатый и др.) | B23: тыс. тенге | C23: 6466 | D23: =C23/4 -> 1616.5 | E23: =D23 -> 1616.5
A24: штатная численность | B24: единиц | C24: 4 | D24: =C24 -> 4 | E24: =D24 -> 4
A25: среднемесячная заработная плата 1 ед. | B25: тенге | C25: =C23/C24/12*1000 -> 134708.33 | D25: =C25 -> 134708.33 | E25: =D25 -> 134708.33
A26: 3.4. Вспомогательный и технический персонал | B26: тыс. тенге | C26: 13956 | D26: =C26/4 -> 3489 | E26: =D26 -> 3489
A27: штатная численность | B27: единиц | C27: 18 | D27: =C27 -> 18 | E27: =D27 -> 18
A28: среднемесячная заработная плата 1 ед. | B28: тенге | C28: =C26/12/C27*1000 -> 64611.111 | D28: =C28 -> 64611.111 | E28: =D28 -> 64611.111
A29: 2. Налоги и другие обязательные платежи в бюджет | B29: тыс. тенге | C29: =C15*11.18% -> 10537.821 | D29: =D15*11.18% -> 2634.4552 | E29: =E15*11.18% -> 2634.4552
A30: 3. Коммунальные расходы (свет, вода, отопление, связь,интернет, ареднда помещений и др.) | B30: тыс. тенге | C30: 5466 | D30: =C30/4 -> 1366.5 | E30: =D30 -> 1366.5
A31: 4. Текущий ремонт помещений и оборудования | B31: тыс. тенге | C31: 0 | D31: =C31 -> 0 | E31: =D31 -> 0
A32: 5. Капитальные расходы (капительный ремонт, приобретение основных средств) | B32: тыс. тенге | C32: 4545 | D32: =C32 -> 4545 | E32: =D32 -> 4545
A33: 6. Прочие расходы (приобретение литературы, канцелярских и хозяйственных товаров и др.) | B33: тыс. тенге | C33: 5123 | D33: 890 | E33: =D33 -> 890
C34: =C33+C32+C31+C30+C29+C15 -> 119927.82

Sheet Баймурзинская ОШ
A1: Основные показатели финансовой деятельности организации образования
A2: по состоянию на "1 "апреля 2022 г.
A4: ГУ "Баймурзинская основная школа отдела образования района Биржан сал"
A5: (наименование организации образования)
A7: Периодичность: ежеквартально
A9: Среднее образование | B9: ед. изм. | C9: 2022 год
C10: годовой план | D10: план на период | E10: факт
A11: 1. Среднегодовой контингент обучающиеся | B11: чел. | C11: 76 | D11: =C11 -> 76 | E11: =D11 -> 76
A12: средний расход на 1-го обучающегося | B12: тыс. тенге | C12: =(C13-C32)/C11 -> 1231.7683 | D12: =(D13-D32)/D11 -> 307.94208 | E12: =(E13-E32)/E11 -> 307.94208
A13: 2. Всего расходы, тыс.тенге | B13: тыс. тенге | C13: =C15+C29+C30+C33+C31+C32 -> 93614.392 | D13: =D15+D29+D30+D33+D31+D32 -> 23403.598 | E13: =E15+E29+E30+E33+E31+E32 -> 23403.598
A14: в том числе: | D14: =C14 -> 0 | E14: =D14 -> 0
A15: 3. Фонд заработной платы | B15: тыс. тенге | C15: =C17+C20+C23+C26 -> 74762 | D15: =D17+D20+D23+D26 -> 18690.5 | E15: =E17+E20+E23+E26 -> 18690.5
A16: из них: | D16: =C16 -> 0 | E16: =D16 -> 0
A17: 3.1. Административный персонал | B17: тыс. тенге | C17: 5019 | D17: =C17/4 -> 1254.75 | E17: =D17 -> 1254.75
A18: штатная численность | B18: единиц | C18: 2 | D18: =C18 -> 2 | E18: =D18 -> 2
A19: среднемесячная заработная плата 1 ед. | B19: тенге | C19: =C17/C18/12*1000+200 -> 209325 | D19: =C19 -> 209325 | E19: =D19 -> 209325
A20: 3.2. Основной персонал - учителя | B20: тыс. тенге | C20: 50962 | D20: =C20/4 -> 12740.5 | E20: =D20 -> 12740.5
A21: штатная численность | B21: единиц | C21: 16.6 | D21: =C21 -> 16.6 | E21: =D21 -> 16.6
A22: среднемесячная заработная плата 1 ед. | B22: тенге | C22: =C20/12/C21*1000 -> 255833.33 | D22: =C22 -> 255833.33 | E22: =D22 -> 255833.33
A23: 3.3. Прочий педагогический персонал (педагог-психолог, социальный педагог, вожатый и др.) | B23: тыс. тенге | C23: 4590 | D23: =C23/4 -> 1147.5 | E23: =D23 -> 1147.5
A24: штатная численность | B24: единиц | C24: 2.5 | D24: =C24 -> 2.5 | E24: =D24 -> 2.5
A25: среднемесячная заработная плата 1 ед. | B25: тенге | C25: =C23/C24/12*1000 -> 153000 | D25: =C25 -> 153000 | E25: =D25 -> 153000
A26: 3.4. Вспомогательный и технический персонал | B26: тыс. тенге | C26: 14191 | D26: =C26/4 -> 3547.75 | E26: =D26 -> 3547.75
A27: штатная численность | B27: единиц | C27: 18 | D27: =C27 -> 18 | E27: =D27 -> 18
A28: среднемесячная заработная плата 1 ед. | B28: тенге | C28: =C26/12/C27*1000 -> 65699.074 | D28: =C28 -> 65699.074 | E28: =D28 -> 65699.074
A29: 2. Налоги и другие обязательные платежи в бюджет | B29: тыс. тенге | C29: =C15*11.18% -> 8358.3916 | D29: =D15*11.18% -> 2089.5979 | E29: =E15*11.18% -> 2089.5979
A30: 3. Коммунальные расходы (свет, вода, отопление, связь,интернет, ареднда помещений и др.) | B30: тыс. тенге | C30: 5760 | D30: =C30/4 -> 1440 | E30: =D30 -> 1440
A31: 4. Текущий ремонт помещений и оборудования | B31: тыс. тенге | C31: 0 | D31: =C31 -> 0 | E31: =D31 -> 0
A32: 5. Капитальные расходы (капительный ремонт, приобретение основных средств) | B32: тыс. тенге
A33: 6. Прочие расходы (приобретение литературы, канцелярских и хозяйственных товаров и др.) | B33: тыс. тенге | C33: 4734 | D33: =C33/4 -> 1183.5 | E33: =D33 -> 1183.5
C34: =C33+C32+C31+C30+C29+C15 -> 93614.392

Sheet Советская ОШ
A1: Основные показатели финансовой деятельности организации образования
A2: по состоянию на "1 "апреля 2022 г.
A4: КГУ учреждение «Основная средняя школа села Аксу отдела образования по району Биржан сал управления образования Акмолинской области»;
A5: (наименование организации образования)
A7: Периодичность: ежеквартально
A9: Среднее образование | B9: ед. изм. | C9: 2022 год
C10: годовой план | D10: план на период | E10: факт
A11: 1. Среднегодовой контингент обучающиеся | B11: чел. | C11: 13 | D11: =C11 -> 13 | E11: =D11 -> 13
A12: средний расход на 1-го обучающегося | B12: тыс. тенге | C12: =(C13-C32)/C11 -> 4164.0706 | D12: =(D13-D32)/D11 -> 1031.4023 | E12: =(E13-E32)/E11 -> 1031.4023
A13: 2. Всего расходы, тыс.тенге | B13: тыс. тенге | C13: =C15+C29+C30+C33+C31+C32 -> 54132.918 | D13: =D15+D29+D30+D33+D31+D32 -> 13616.23 | E13: =E15+E29+E30+E33+E31+E32 -> 13616.23
A14: в том числе: | D14: =C14 -> 0 | E14: =D14 -> 0
A15: 3. Фонд заработной платы | B15: тыс. тенге | C15: =C17+C20+C23+C26 -> 40688 | D15: =D17+D20+D23+D26 -> 10172 | E15: =E17+E20+E23+E26 -> 10172
A16: из них: | D16: =C16 -> 0 | E16: =D16 -> 0
A17: 3.1. Административный персонал | B17: тыс. тенге | C17: 2448 | D17: =C17/4 -> 612 | E17: =D17 -> 612
A18: штатная численность | B18: единиц | C18: 1 | D18: =C18 -> 1 | E18: =D18 -> 1
A19: среднемесячная заработная плата 1 ед. | B19: тенге | C19: =C17/C18/12*1000+200 -> 204200 | D19: =C19 -> 204200 | E19: =D19 -> 204200
A20: 3.2. Основной персонал - учителя | B20: тыс. тенге | C20: 25241 | D20: =C20/4 -> 6310.25 | E20: =D20 -> 6310.25
A21: штатная численность | B21: единиц | C21: 8.25 | D21: =C21 -> 8.25 | E21: =D21 -> 8.25
A22: среднемесячная заработная плата 1 ед. | B22: тенге | C22: =C20/12/C21*1000 -> 254959.6 | D22: =C22 -> 254959.6 | E22: =D22 -> 254959.6
A23: 3.3. Прочий педагогический персонал (педагог-психолог, социальный педагог, вожатый и др.) | B23: тыс. тенге | C23: 1848 | D23: =C23/4 -> 462 | E23: =D23 -> 462
A24: штатная численность | B24: единиц | C24: 2 | D24: =C24 -> 2 | E24: =D24 -> 2
A25: среднемесячная заработная плата 1 ед. | B25: тенге | C25: =C23/C24/12*1000 -> 77000 | D25: =C25 -> 77000 | E25: =D25 -> 77000
A26: 3.4. Вспомогательный и технический персонал | B26: тыс. тенге | C26: 11151 | D26: =C26/4 -> 2787.75 | E26: =D26 -> 2787.75
A27: штатная численность | B27: единиц | C27: 14.5 | D27: =C27 -> 14.5 | E27: =D27 -> 14.5
A28: среднемесячная заработная плата 1 ед. | B28: тенге | C28: =C26/12/C27*1000 -> 64086.207 | D28: =C28 -> 64086.207 | E28: =D28 -> 64086.207
A29: 2. Налоги и другие обязательные платежи в бюджет | B29: тыс. тенге | C29: =C15*11.18% -> 4548.9184 | D29: =D15*11.18% -> 1137.2296 | E29: =E15*11.18% -> 1137.2296
A30: 3. Коммунальные расходы (свет, вода, отопление, связь,интернет, ареднда помещений и др.) | B30: тыс. тенге | C30: 5979 | D30: =C30/4 -> 1494.75 | E30: =D30 -> 1494.75
A31: 4. Текущий ремонт помещений и оборудования | B31: тыс. тенге | C31: 500 | E31: =D31 -> 0
A32: 5. Капитальные расходы (капительный ремонт, приобретение основных средств) | B32: тыс. тенге | D32: 208 | E32: =D32 -> 208
A33: 6. Прочие расходы (приобретение литературы, канцелярских и хозяйственных товаров и др.) | B33: тыс. тенге | C33: 2417 | D33: =C33/4 -> 604.25 | E33: =D33 -> 604.25
C34: =C33+C32+C31+C30+C29+C15 -> 54132.918

Sheet Заозерновская ОШ
A1: Основные показатели финансовой деятельности организации образования
A2: по состоянию на "1 "апреля 2022 г.
A4: КГУ«Основная средняя школа села Заозерный отдела образования по району Биржан сал управления образования Акмолинской области»;
A5: (наименование организации образования)
A7: Периодичность: ежеквартально
A9: Среднее образование | B9: ед. изм. | C9: 2022 год
C10: годовой план | D10: план на период | E10: факт
A11: 1. Среднегодовой контингент обучающиеся | B11: чел. | C11: 41 | D11: =C11 -> 41 | E11: =D11 -> 41
A12: средний расход на 1-го обучающегося | B12: тыс. тенге | C12: =(C13-C32)/C11 -> 1793.1978 | D12: =(D13-D32)/D11 -> 1178.6116 | E12: =(E13-E32)/E11 -> 1178.6116
A13: 2. Всего расходы, тыс.тенге | B13: тыс. тенге | C13: =C15+C29+C30+C33+C31+C32 -> 73521.11 | D13: =D15+D29+D30+D33+D31+D32 -> 48531.075 | E13: =E15+E29+E30+E33+E31+E32 -> 48531.075
A14: в том числе: | D14: =C14 -> 0 | E14: =D14 -> 0
A15: 3. Фонд заработной платы | B15: тыс. тенге | C15: =C17+C20+C23+C26 -> 56450 | D15: =D17+D20+D23+D26 -> 41156.75 | E15: =E17+E20+E23+E26 -> 41156.75
A16: из них: | D16: =C16 -> 0 | E16: =D16 -> 0
A17: 3.1. Административный персонал | B17: тыс. тенге | C17: 4528 | D17: =C17/4 -> 1132 | E17: =D17 -> 1132
A18: штатная численность | B18: единиц | C18: 2 | D18: =C18 -> 2 | E18: =D18 -> 2
A19: среднемесячная заработная плата 1 ед. | B19: тенге | C19: =C17/C18/12*1000+200 -> 188866.67 | D19: =C19 -> 188866.67 | E19: =D19 -> 188866.67
A20: 3.2. Основной персонал - учителя | B20: тыс. тенге | C20: 36059 | D20: =C20 -> 36059 | E20: =D20 -> 36059
A21: штатная численность | B21: единиц | C21: 12.4 | D21: =C21 -> 12.4 | E21: =D21 -> 12.4
A22: среднемесячная заработная плата 1 ед. | B22: тенге | C22: =C20/12/C21*1000 -> 242331.99 | D22: =C22 -> 242331.99 | E22: =D22 -> 242331.99
A23: 3.3. Прочий педагогический персонал (педагог-психолог, социальный педагог, вожатый и др.) | B23: тыс. тенге | C23: 2729 | D23: =C23/4 -> 682.25 | E23: =D23 -> 682.25
A24: штатная численность | B24: единиц | C24: 1.75 | D24: =C24 -> 1.75 | E24: =D24 -> 1.75
A25: среднемесячная заработная плата 1 ед. | B25: тенге | C25: =C23/12/C24*1000 -> 129952.38 | D25: =C25 -> 129952.38 | E25: =D25 -> 129952.38
A26: 3.4. Вспомогательный и технический персонал | B26: тыс. тенге | C26: 13134 | D26: =C26/4 -> 3283.5 | E26: =D26 -> 3283.5
A27: штатная численность | B27: единиц | C27: 16.5 | D27: =C27 -> 16.5 | E27: =D27 -> 16.5
A28: среднемесячная заработная плата 1 ед. | B28: тенге | C28: =C26/12/C27*1000 -> 66333.333 | D28: =C28 -> 66333.333 | E28: =D28 -> 66333.333
A29: 2. Налоги и другие обязательные платежи в бюджет | B29: тыс. тенге | C29: =C15*11.18% -> 6311.11 | D29: =D15*11.18% -> 4601.3246 | E29: =E15*11.18% -> 4601.3246
A30: 3. Коммунальные расходы (свет, вода, отопление, связь,интернет, ареднда помещений и др.) | B30: тыс. тенге | C30: 5999 | D30: =C30/4 -> 1499.75 | E30: =D30 -> 1499.75
A31: 4. Текущий ремонт помещений и оборудования | B31: тыс. тенге | C31: 500 | E31: =D31 -> 0
A32: 5. Капитальные расходы (капительный ремонт, приобретение основных средств) | B32: тыс. тенге | D32: 208 | E32: =D32 -> 208
A33: 6. Прочие расходы (приобретение литературы, канцелярских и хозяйственных товаров и др.) | B33: тыс. тенге | C33: 4261 | D33: =C33/4 -> 1065.25 | E33: =D33 -> 1065.25
C34: =C33+C32+C31+C30+C29+C15 -> 73521.11

Sheet Кызыл-Уюмская ОШ
A1: Основные показатели финансовой деятельности организации образования
A2: по состоянию на "1 "апреля 2022 г.
A4: КГУ«Основная средняя школа села Кызылуюм отдела образования по району Биржан сал управления образования Акмолинской области»;
A5: (наименование организации образования)
A7: Периодичность: ежеквартально
A9: Среднее образование | B9: ед. изм. | C9: 2022 год
C10: годовой план | D10: план на период | E10: факт
A11: 1. Среднегодовой контингент обучающиеся | B11: чел. | C11: 19 | D11: =C11 -> 19 | E11: =D11 -> 19
A12: средний расход на 1-го обучающегося | B12: тыс. тенге | C12: =(C13-C32)/C11 -> 2990.0366 | D12: =(D13-D32)/D11 -> 747.50914 | E12: =(E13-E32)/E11 -> 747.50914
A13: 2. Всего расходы, тыс.тенге | B13: тыс. тенге | C13: =C15+C29+C30+C33+C31+C32 -> 56810.695 | D13: =D15+D29+D30+D33+D31+D32 -> 14410.674 | E13: =E15+E29+E30+E33+E31+E32 -> 14410.674
A14: в том числе: | D14: =C14 -> 0 | E14: =D14 -> 0
A15: 3. Фонд заработной платы | B15: тыс. тенге | C15: =C17+C20+C23+C26 -> 45525 | D15: =D17+D20+D23+D26 -> 11381.25 | E15: =E17+E20+E23+E26 -> 11381.25
A16: из них: | D16: =C16 -> 0 | E16: =D16 -> 0
A17: 3.1. Административный персонал | B17: тыс. тенге | C17: 5723 | D17: =C17/4 -> 1430.75 | E17: =D17 -> 1430.75
A18: штатная численность | B18: единиц | C18: 2 | D18: =C18 -> 2 | E18: =D18 -> 2
A19: среднемесячная заработная плата 1 ед. | B19: тенге | C19: =C17/C18/12*1000+200 -> 238658.33 | D19: =C19 -> 238658.33 | E19: =D19 -> 238658.33
A20: 3.2. Основной персонал - учителя | B20: тыс. тенге | C20: 26688 | D20: =C20/4 -> 6672 | E20: =D20 -> 6672
A21: штатная численность | B21: единиц | C21: 8.75 | D21: =C21 -> 8.75 | E21: =D21 -> 8.75
A22: среднемесячная заработная плата 1 ед. | B22: тенге | C22: =C20/12/C21*1000 -> 254171.43 | D22: =C22 -> 254171.43 | E22: =D22 -> 254171.43
A23: 3.3. Прочий педагогический персонал (педагог-психолог, социальный педагог, вожатый и др.) | B23: тыс. тенге | C23: 3267 | D23: =C23/4 -> 816.75 | E23: =D23 -> 816.75
A24: штатная численность | B24: единиц | C24: 2 | D24: =C24 -> 2 | E24: =D24 -> 2
A25: среднемесячная заработная плата 1 ед. | B25: тенге | C25: =C23/C24/12*1000 -> 136125 | D25: =C25 -> 136125 | E25: =D25 -> 136125
A26: 3.4. Вспомогательный и технический персонал | B26: тыс. тенге | C26: 9847 | D26: =C26/4 -> 2461.75 | E26: =D26 -> 2461.75
A27: штатная численность | B27: единиц | C27: 12.5 | D27: =C27 -> 12.5 | E27: =D27 -> 12.5
A28: среднемесячная заработная плата 1 ед. | B28: тенге | C28: =C26/12/C27*1000 -> 65646.667 | D28: =C28 -> 65646.667 | E28: =D28 -> 65646.667
A29: 2. Налоги и другие обязательные платежи в бюджет | B29: тыс. тенге | C29: =C15*11.18% -> 5089.695 | D29: =D15*11.18% -> 1272.4237 | E29: =E15*11.18% -> 1272.4237
A30: 3. Коммунальные расходы (свет, вода, отопление, связь,интернет, ареднда помещений и др.) | B30: тыс. тенге | C30: 3311 | D30: =C30/4 -> 827.75 | E30: =D30 -> 827.75
A31: 4. Текущий ремонт помещений и оборудования | B31: тыс. тенге | C31: 0 | D31: =C31 -> 0 | E31: =D31 -> 0
A32: 5. Капитальные расходы (капительный ремонт, приобретение основных средств) | B32: тыс. тенге | D32: 208 | E32: =D32 -> 208
A33: 6. Прочие расходы (приобретение литературы, канцелярских и хозяйственных товаров и др.) | B33: тыс. тенге | C33: 2885 | D33: =C33/4 -> 721.25 | E33: =D33 -> 721.25
C34: =C33+C32+C31+C30+C29+C15 -> 56810.695

Sheet Яблоновская ОШ
A1: Основные показатели финансовой деятельности организации образования
A2: по состоянию на "1 "апреля 2022 г.
A4: КГУ«Основная средняя школа села Яблоновка отдела образования по району Биржан сал управления образования Акмолинской области»;
A5: (наименование организации образования)
A7: Периодичность: ежеквартально
A9: Среднее образование | B9: ед. изм. | C9: 2022 год
C10: годовой план | D10: план на период | E10: факт
A11: 1. Среднегодовой контингент обучающиеся | B11: чел. | C11: 11 | D11: =C11 -> 11 | E11: =D11 -> 11
A12: средний расход на 1-го обучающегося | B12: тыс. тенге | C12: =(C13-C32)/C11 -> 4282.0195 | D12: =(D13-D32)/D11 -> 1063.6867 | E12: =(E13-E32)/E11 -> 1063.6867
A13: 2. Всего расходы, тыс.тенге | B13: тыс. тенге | C13: =C15+C29+C30+C33+C31+C32 -> 47102.215 | D13: =D15+D29+D30+D33+D31+D32 -> 11908.554 | E13: =E15+E29+E30+E33+E31+E32 -> 11908.554
A14: в том числе: | D14: =C14 -> 0
A15: 3. Фонд заработной платы | B15: тыс. тенге | C15: =C17+C20+C23+C26 -> 37086 | D15: =C15/4 -> 9271.5 | E15: =D15 -> 9271.5
A16: из них: | D16: =C16 -> 0
A17: 3.1. Административный персонал | B17: тыс. тенге | C17: 2589 | D17: =C17/4 -> 647.25 | E17: =D17 -> 647.25
A18: штатная численность | B18: единиц | C18: 1 | D18: =C18 -> 1 | E18: =D18 -> 1
A19: среднемесячная заработная плата 1 ед. | B19: тенге | C19: =C17/12/C18*1000 -> 215750 | D19: =C19 -> 215750 | E19: =D19 -> 215750
A20: 3.2. Основной персонал - учителя | B20: тыс. тенге | C20: 23771 | D20: =C20/4 -> 5942.75 | E20: =D20 -> 5942.75
A21: штатная численность | B21: единиц | C21: 7.9 | D21: =C21 -> 7.9 | E21: =D21 -> 7.9
A22: среднемесячная заработная плата 1 ед. | B22: тенге | C22: =C20/12/C21*1000 -> 250748.95 | D22: =C22 -> 250748.95 | E22: =D22 -> 250748.95
A23: 3.3. Прочий педагогический персонал (педагог-психолог, социальный педагог, вожатый и др.) | B23: тыс. тенге | C23: 1730 | D23: =C23/4 -> 432.5 | E23: =D23 -> 432.5
A24: штатная численность | B24: единиц | C24: 1 | D24: =C24 -> 1 | E24: =D24 -> 1
A25: среднемесячная заработная плата 1 ед. | B25: тенге | C25: =C23/C24/12*1000 -> 144166.67 | D25: =C25 -> 144166.67 | E25: =D25 -> 144166.67
A26: 3.4. Вспомогательный и технический персонал | B26: тыс. тенге | C26: 8996 | D26: =C26/4 -> 2249 | E26: =D26 -> 2249
A27: штатная численность | B27: единиц | C27: 12 | D27: =C27 -> 12 | E27: =D27 -> 12
A28: среднемесячная заработная плата 1 ед. | B28: тенге | C28: =C26/12/C27*1000 -> 62472.222 | D28: =C28 -> 62472.222 | E28: =D28 -> 62472.222
A29: 2. Налоги и другие обязательные платежи в бюджет | B29: тыс. тенге | C29: =C15*11.18% -> 4146.2148 | D29: =D15*11.18% -> 1036.5537 | E29: =E15*11.18% -> 1036.5537
A30: 3. Коммунальные расходы (свет, вода, отопление, связь,интернет, ареднда помещений и др.) | B30: тыс. тенге | C30: 3186 | D30: =C30/4 -> 796.5 | E30: =D30 -> 796.5
A31: 4. Текущий ремонт помещений и оборудования | B31: тыс. тенге | C31: 300 | E31: =D31 -> 0
A32: 5. Капитальные расходы (капительный ремонт, приобретение основных средств) | B32: тыс. тенге | D32: 208 | E32: =D32 -> 208
A33: 6. Прочие расходы (приобретение литературы, канцелярских и хозяйственных товаров и др.) | B33: тыс. тенге | C33: 2384 | D33: =C33/4 -> 596 | E33: =D33 -> 596
C34: =C33+C32+C31+C30+C29+C15 -> 47102.215

Sheet Алгинская ОШ
A1: Основные показатели финансовой деятельности организации образования
A2: по состоянию на "1 "апреля 2022 г.
A4: КГУ «Основная средняя школа села Алга отдела образования по району Биржан сал управления образования Акмолинской области»;
A5: (наименование организации образования)
A7: Периодичность: ежеквартально
A9: Среднее образование | B9: ед. изм. | C9: 2022 год
C10: годовой план | D10: план на период | E10: факт
A11: 1. Среднегодовой контингент обучающиеся | B11: чел. | C11: 32 | D11: =C11 -> 32 | E11: =D11 -> 32
A12: средний расход на 1-го обучающегося | B12: тыс. тенге | C12: =(C13-C32)/C11 -> 1934.5007 | D12: =(D13-D32)/D11 -> 469.17204 | E12: =(E13-E32)/E11 -> 469.17204
A13: 2. Всего расходы, тыс.тенге | B13: тыс. тенге | C13: =C15+C29+C30+C33+C31+C32 -> 62404.021 | D13: =D15+D29+D30+D33+D31+D32 -> 15221.505 | E13: =E15+E29+E30+E33+E31+E32 -> 15221.505
A14: в том числе: | D14: =C14 -> 0
A15: 3. Фонд заработной платы | B15: тыс. тенге | C15: =C17+C20+C23+C26 -> 48578.9 | D15: =D17+D20+D23+D26 -> 12144.725 | E15: =E17+E20+E23+E26 -> 12144.725
A16: из них: | D16: =C16 -> 0
A17: 3.1. Административный персонал | B17: тыс. тенге | C17: 5050.1 | D17: =C17/4 -> 1262.525 | E17: =D17 -> 1262.525
A18: штатная численность | B18: единиц | C18: 2 | D18: =C18 -> 2 | E18: =D18 -> 2
A19: среднемесячная заработная плата 1 ед. | B19: тенге | C19: =C17/C18/12*1000+200 -> 210620.83 | D19: =C19 -> 210620.83 | E19: =D19 -> 210620.83
A20: 3.2. Основной персонал - учителя | B20: тыс. тенге | C20: 33605.3 | D20: =C20/4 -> 8401.325 | E20: =D20 -> 8401.325
A21: штатная численность | B21: единиц | C21: 11.5 | D21: =C21 -> 11.5 | E21: =D21 -> 11.5
A22: среднемесячная заработная плата 1 ед. | B22: тенге | C22: =C20/12/C21*1000 -> 243516.67 | D22: =C22 -> 243516.67 | E22: =D22 -> 243516.67
A23: 3.3. Прочий педагогический персонал (педагог-психолог, социальный педагог, вожатый и др.) | B23: тыс. тенге | C23: 3217.1 | D23: =C23/4 -> 804.275 | E23: =D23 -> 804.275
A24: штатная численность | B24: единиц | C24: 2 | D24: =C24 -> 2 | E24: =D24 -> 2
A25: среднемесячная заработная плата 1 ед. | B25: тенге | C25: =C23/C24/12*1000 -> 134045.83 | D25: =C25 -> 134045.83 | E25: =D25 -> 134045.83
A26: 3.4. Вспомогательный и технический персонал | B26: тыс. тенге | C26: 6706.4 | D26: =C26/4 -> 1676.6 | E26: =D26 -> 1676.6
A27: штатная численность | B27: единиц | C27: 8.5 | D27: =C27 -> 8.5 | E27: =D27 -> 8.5
A28: среднемесячная заработная плата 1 ед. | B28: тенге | C28: =C26/12/C27*1000 -> 65749.02 | D28: =D26/3/D27*1000 -> 65749.02 | E28: =D28 -> 65749.02
A29: 2. Налоги и другие обязательные платежи в бюджет | B29: тыс. тенге | C29: =C15*11.18% -> 5431.121 | D29: =D15*11.18% -> 1357.7803 | E29: =E15*11.18% -> 1357.7803
A30: 3. Коммунальные расходы (свет, вода, отопление, связь,интернет, ареднда помещений и др.) | B30: тыс. тенге | C30: 3168 | D30: =C30/4 -> 792 | E30: =D30 -> 792
A31: 4. Текущий ремонт помещений и оборудования | B31: тыс. тенге | C31: 1850 | E31: =D31 -> 0
A32: 5. Капитальные расходы (капительный ремонт, приобретение основных средств) | B32: тыс. тенге | C32: 500 | D32: 208 | E32: =D32 -> 208
A33: 6. Прочие расходы (приобретение литературы, канцелярских и хозяйственных товаров и др.) | B33: тыс. тенге | C33: 2876 | D33: =C33/4 -> 719 | E33: =D33 -> 719
C34: =C33+C32+C31+C30+C29+C15 -> 62404.021

Sheet Краснофлотская ОШ
A1: Основные показатели финансовой деятельности организации образования
A2: по состоянию на "1 "апреля 2022 г.
A4: КГУ учреждение «Основная средняя школа села Краснофлотское отдела образования по району Биржан сал управления образования Акмолинской области»;
A5: (наименование организации образования)
A7: Периодичность: ежеквартально
A9: Среднее образование | B9: ед. изм. | C9: 2022 год
C10: годовой план | D10: план на период | E10: факт
A11: 1. Среднегодовой контингент обучающиеся | B11: чел. | C11: 23 | D11: 23 | E11: 23
A12: средний расход на 1-го обучающегося | B12: тыс. тенге | C12: =(C13-C32)/C11 -> 2983.0897 | D12: =(D13-D32)/D11 -> 762.07677 | E12: =(E13-E32)/E11 -> 762.07677
A13: 2. Всего расходы, тыс.тенге | B13: тыс. тенге | C13: =C15+C29+C30+C33+C31+C32 -> 68611.063 | D13: =D15+D29+D30+D33+D31+D32 -> 17735.766 | E13: =E15+E29+E30+E33+E31+E32 -> 17735.766
A14: в том числе: | D14: =C14 -> 0
A15: 3. Фонд заработной платы | B15: тыс. тенге | C15: =C17+C20+C23+C26 -> 55897.7 | D15: =C15/4 -> 13974.425 | E15: =D15 -> 13974.425
A16: из них: | D16: =C16 -> 0
A17: 3.1. Административный персонал | B17: тыс. тенге | C17: 5262.4 | D17: =C17/4 -> 1315.6 | E17: =D17 -> 1315.6
A18: штатная численность | B18: единиц | C18: 2 | D18: =C18 -> 2 | E18: =D18 -> 2
A19: среднемесячная заработная плата 1 ед. | B19: тенге | C19: =C17/C18/12*1000+200 -> 219466.67 | D19: =D17/D18/3*1000+200 -> 219466.67 | E19: =E17/E18/3*1000+200 -> 219466.67
A20: 3.2. Основной персонал - учителя | B20: тыс. тенге | C20: 36768.7 | D20: =C20/4 -> 9192.175 | E20: =D20 -> 9192.175
A21: штатная численность | B21: единиц | C21: 13.3 | D21: =C21 -> 13.3 | E21: =D21 -> 13.3
A22: среднемесячная заработная плата 1 ед. | B22: тенге | C22: =C20/12/C21*1000 -> 230380.33 | D22: =D20/3/D21*1000 -> 230380.33 | E22: =E20/3/E21*1000 -> 230380.33
A23: 3.3. Прочий педагогический персонал (педагог-психолог, социальный педагог, вожатый и др.) | B23: тыс. тенге | C23: 2679.4 | D23: =C23/4 -> 669.85 | E23: =D23/4 -> 167.4625
A24: штатная численность | B24: единиц | C24: 1.5 | D24: =C24 -> 1.5 | E24: =D24 -> 1.5
A25: среднемесячная заработная плата 1 ед. | B25: тенге | C25: =C23/C24/12*1000 -> 148855.56 | D25: =C25 -> 148855.56 | E25: =D25 -> 148855.56
A26: 3.4. Вспомогательный и технический персонал | B26: тыс. тенге | C26: 11187.2 | D26: =C26/4 -> 2796.8 | E26: =D26/4 -> 699.2
A27: штатная численность | B27: единиц | C27: 14 | D27: =C27 -> 14 | E27: =D27 -> 14
A28: среднемесячная заработная плата 1 ед. | B28: тенге | C28: =C26/12/C27*1000 -> 66590.476 | D28: =D26/3/D27*1000 -> 66590.476 | E28: =E26/12/E27*1000 -> 4161.9048
A29: 2. Налоги и другие обязательные платежи в бюджет | B29: тыс. тенге | C29: =C15*11.18% -> 6249.3629 | D29: =D15*11.18% -> 1562.3407 | E29: =E15*11.18% -> 1562.3407
A30: 3. Коммунальные расходы (свет, вода, отопление, связь,интернет, ареднда помещений и др.) | B30: тыс. тенге | C30: 3188 | D30: =C30/4 -> 797 | E30: =D30 -> 797
A31: 4. Текущий ремонт помещений и оборудования | B31: тыс. тенге | C31: 500 | D31: =C31 -> 500 | E31: =D31 -> 500
A32: 5. Капитальные расходы (капительный ремонт, приобретение основных средств) | B32: тыс. тенге | D32: 208 | E32: =D32 -> 208
A33: 6. Прочие расходы (приобретение литературы, канцелярских и хозяйственных товаров и др.) | B33: тыс. тенге | C33: 2776 | D33: =C33/4 -> 694 | E33: =D33 -> 694
C34: =C33+C32+C31+C30+C29+C15 -> 68611.063

Sheet Каратальская НШ
A1: Основные показатели финансовой деятельности организации образования
A2: по состоянию на "1 "апреля 2022 г.
A4: КГУ "Каратальская начальня школа отдела образования района Биржан сал"
A5: (наименование организации образования)
A7: Периодичность: ежеквартально
A9: Среднее образование | B9: ед. изм. | C9: 2022 год
C10: годовой план | D10: план на период | E10: факт
A11: 1. Среднегодовой контингент обучающиеся | B11: чел. | C11: 8 | D11: =C11 -> 8 | E11: =D11 -> 8
A12: средний расход на 1-го обучающегося | B12: тыс. тенге | C12: =(C13-C32)/C11 -> 3226.8774 | D12: =(D13-D32)/D11 -> 834.84435 | E12: =(E13-E32)/E11 -> 797.34435
A13: 2. Всего расходы, тыс.тенге | B13: тыс. тенге | C13: =C15+C29+C30+C33+C31+C32 -> 26023.019 | D13: =D15+D29+D30+D33+D31+D32 -> 6886.7548 | E13: =E15+E29+E30+E33+E31+E32 -> 6586.7548
A14: в том числе: | D14: =C14 -> 0 | E14: =D14 -> 0
A15: 3. Фонд заработной платы | B15: тыс. тенге | C15: =C20+C26 -> 20511.8 | D15: =D20+D26 -> 5127.95 | E15: =E20+E26 -> 5127.95
A16: из них: | D16: =C16 -> 0 | E16: =D16 -> 0
A17: 3.1. Административный персонал | B17: тыс. тенге | D17: =C17 -> 0 | E17: =D17 -> 0
A18: штатная численность | B18: единиц | D18: =C18 -> 0 | E18: =D18 -> 0
A19: среднемесячная заработная плата 1 ед. | B19: тенге | D19: =C19 -> 0 | E19: =D19 -> 0
A20: 3.2. Основной персонал - учителя | B20: тыс. тенге | C20: 16789.9 | D20: =C20/4 -> 4197.475 | E20: =D20 -> 4197.475
A21: штатная численность | B21: единиц | C21: 5.6 | D21: =C21 -> 5.6 | E21: =D21 -> 5.6
A22: среднемесячная заработная плата 1 ед. | B22: тенге | C22: =C20/12/C21*1000 -> 249849.7 | D22: =D20/12/D21*1000 -> 62462.426 | E22: =E20/12/E21*1000 -> 62462.426
A23: 3.3. Прочий педагогический персонал (педагог-психолог, социальный педагог, вожатый и др.) | B23: тыс. тенге | D23: =C23 -> 0
A24: штатная численность | B24: единиц | D24: =C24 -> 0
A25: среднемесячная заработная плата 1 ед. | B25: тенге | D25: =C25 -> 0
A26: 3.4. Вспомогательный и технический персонал | B26: тыс. тенге | C26: 3721.9 | D26: =C26/4 -> 930.475 | E26: =D26 -> 930.475
A27: штатная численность | B27: единиц | C27: 4.5 | D27: =C27 -> 4.5 | E27: =D27 -> 4.5
A28: среднемесячная заработная плата 1 ед. | B28: тенге | C28: =C26/12/C27*1000 -> 68924.074 | D28: =D26/3/D27*1000 -> 68924.074 | E28: =E26/3/E27*1000 -> 68924.074
A29: 2. Налоги и другие обязательные платежи в бюджет | B29: тыс. тенге | C29: =C15*11.18% -> 2293.2192 | D29: =D15*11.18% -> 573.30481 | E29: =E15*11.18% -> 573.30481
A30: 3. Коммунальные расходы (свет, вода, отопление, связь,интернет, ареднда помещений и др.) | B30: тыс. тенге | C30: 1481 | D30: =C30/4 -> 370.25 | E30: =D30 -> 370.25
A31: 4. Текущий ремонт помещений и оборудования | B31: тыс. тенге | C31: 300 | D31: =C31 -> 300
A32: 5. Капитальные расходы (капительный ремонт, приобретение основных средств) | B32: тыс. тенге | C32: 208 | D32: =C32 -> 208 | E32: =D32 -> 208
A33: 6. Прочие расходы (приобретение литературы, канцелярских и хозяйственных товаров и др.) | B33: тыс. тенге | C33: 1229 | D33: =C33/4 -> 307.25 | E33: =D33 -> 307.25
C34: =C33+C32+C31+C30+C29+C15 -> 26023.019

Sheet Джукейская НШ
A1: Основные показатели финансовой деятельности организации образования
A2: по состоянию на "1 "апреля 2022 г.
A4: КГУ «Начальная школа села Жукей отдела образования по району Биржан сал управления образования Акмолинской области»;
A5: (наименование организации образования)
A7: Периодичность: ежеквартально
A9: Среднее образование | B9: ед. изм. | C9: 2022 год
C10: годовой план | D10: план на период | E10: факт
A11: 1. Среднегодовой контингент обучающиеся | B11: чел. | C11: 10 | D11: 10 | E11: 10
A12: средний расход на 1-го обучающегося | B12: тыс. тенге | C12: =(C13-C32)/C11 -> 3320.1367 | D12: =C12 -> 3320.1367 | E12: =D12 -> 3320.1367
A13: 2. Всего расходы, тыс.тенге | B13: тыс. тенге | C13: =C15+C29+C30+C33+C31+C32 -> 33409.367 | D13: =D15+D29+D30+D33+D31+D32 -> 8733.3418 | E13: =E15+E29+E30+E33+E31+E32 -> 8733.3418
A14: в том числе: | D14: =C14 -> 0
A15: 3. Фонд заработной платы | B15: тыс. тенге | C15: =C20+C26 -> 26500.6 | D15: =D20+D26 -> 6625.15 | E15: =E20+E26 -> 6625.15
A16: из них: | D16: =C16 -> 0
A17: 3.1. Административный персонал | B17: тыс. тенге | D17: =C17 -> 0
A18: штатная численность | B18: единиц | D18: =C18 -> 0
A19: среднемесячная заработная плата 1 ед. | B19: тенге | D19: =C19 -> 0
A20: 3.2. Основной персонал - учителя | B20: тыс. тенге | C20: 21811.2 | D20: =C20/4 -> 5452.8 | E20: =D20 -> 5452.8
A21: штатная численность | B21: единиц | C21: 7.9 | D21: =C21 -> 7.9 | E21: =D21 -> 7.9
A22: среднемесячная заработная плата 1 ед. | B22: тенге | C22: =C20/12/C21*1000 -> 230075.95 | D22: =D20/3/D21*1000 -> 230075.95 | E22: =E20/3/E21*1000 -> 230075.95
A23: 3.3. Прочий педагогический персонал (педагог-психолог, социальный педагог, вожатый и др.) | B23: тыс. тенге | D23: =C23 -> 0
A24: штатная численность | B24: единиц | D24: =C24 -> 0
A25: среднемесячная заработная плата 1 ед. | B25: тенге | D25: =C25 -> 0
A26: 3.4. Вспомогательный и технический персонал | B26: тыс. тенге | C26: 4689.4 | D26: =C26/4 -> 1172.35 | E26: =D26 -> 1172.35
A27: штатная численность | B27: единиц | C27: 6 | D27: =C27 -> 6 | E27: =D27 -> 6
A28: среднемесячная заработная плата 1 ед. | B28: тенге | C28: =C26/12/C27*1000 -> 65130.556 | D28: =D26/12/D27*1000 -> 16282.639 | E28: =E26/12/E27*1000 -> 16282.639
A29: 2. Налоги и другие обязательные платежи в бюджет | B29: тыс. тенге | C29: =C15*11.18% -> 2962.7671 | D29: =D15*11.18% -> 740.69177 | E29: =E15*11.18% -> 740.69177
A30: 3. Коммунальные расходы (свет, вода, отопление, связь,интернет, ареднда помещений и др.) | B30: тыс. тенге | C30: 1547 | D30: =C30/4 -> 386.75 | E30: =D30 -> 386.75
A31: 4. Текущий ремонт помещений и оборудования | B31: тыс. тенге | C31: 300 | D31: =C31 -> 300 | E31: =D31 -> 300
A32: 5. Капитальные расходы (капительный ремонт, приобретение основных средств) | B32: тыс. тенге | C32: 208 | D32: =C32 -> 208 | E32: =D32 -> 208
A33: 6. Прочие расходы (приобретение литературы, канцелярских и хозяйственных товаров и др.) | B33: тыс. тенге | C33: 1891 | D33: =C33/4 -> 472.75 | E33: =D33 -> 472.75
C34: =C33+C32+C31+C30+C29+C15 -> 33409.367

Sheet Трудовая НШ
A1: Основные показатели финансовой деятельности организации образования
A2: по состоянию на "1 "апреля 2022 г.
A4: КГУ «Начальная школа села Актас отдела образования по району Биржан сал управления образования Акмолинской области»;
A5: (наименование организации образования)
A7: Периодичность: ежеквартально
A9: Среднее образование | B9: ед. изм. | C9: 2022 год
C10: годовой план | D10: план на период | E10: факт
A11: 1. Среднегодовой контингент обучающиеся | B11: чел. | C11: 21 | D11: 21 | E11: 21
A12: средний расход на 1-го обучающегося | B12: тыс. тенге | C12: =(C13-C32)/C11 -> 1987.3527 | D12: =(D13-D32)/D11 -> 559.76675 | E12: =(E13-E32)/E11 -> 559.76675
A13: 2. Всего расходы, тыс.тенге | B13: тыс. тенге | C13: =C15+C29+C30+C33+C31+C32 -> 41942.407 | D13: =D15+D29+D30+D33+D31+D32 -> 11963.102 | E13: =E15+E29+E30+E33+E31+E32 -> 11963.102
A14: в том числе: | D14: =C14 -> 0
A15: 3. Фонд заработной платы | B15: тыс. тенге | C15: =C20+C26 -> 34139.6 | D15: =D20+D26 -> 8534.9 | E15: =E20+E26 -> 8534.9
A16: из них: | D16: =C16 -> 0
A17: 3.1. Административный персонал | B17: тыс. тенге | D17: =C17 -> 0
A18: штатная численность | B18: единиц | D18: =C18 -> 0
A19: среднемесячная заработная плата 1 ед. | B19: тенге | D19: =C19 -> 0
A20: 3.2. Основной персонал - учителя | B20: тыс. тенге | C20: 27095.9 | D20: =C20/4 -> 6773.975 | E20: =D20 -> 6773.975
A21: штатная численность | B21: единиц | C21: 10.1 | D21: =C21 -> 10.1 | E21: =D21 -> 10.1
A22: среднемесячная заработная плата 1 ед. | B22: тенге | C22: =C20/12/C21*1000 -> 223563.53 | D22: =D20/3/D21*1000 -> 223563.53 | E22: =E20/3/E21*1000 -> 223563.53
A23: 3.3. Прочий педагогический персонал (педагог-психолог, социальный педагог, вожатый и др.) | B23: тыс. тенге | D23: =C23 -> 0
A24: штатная численность | B24: единиц | D24: =C24 -> 0 | E24: =D24 -> 0
A25: среднемесячная заработная плата 1 ед. | B25: тенге | D25: =C25 -> 0 | E25: =D25 -> 0
A26: 3.4. Вспомогательный и технический персонал | B26: тыс. тенге | C26: 7043.7 | D26: =C26/4 -> 1760.925 | E26: =D26 -> 1760.925
A27: штатная численность | B27: единиц | C27: 9 | D27: =C27 -> 9 | E27: =D27 -> 9
A28: среднемесячная заработная плата 1 ед. | B28: тенге | C28: =C26/12/C27*1000 -> 65219.444 | D28: =C28 -> 65219.444 | E28: =D28 -> 65219.444
A29: 2. Налоги и другие обязательные платежи в бюджет | B29: тыс. тенге | C29: =C15*11.18% -> 3816.8073 | D29: =D15*11.18% -> 954.20182 | E29: =E15*11.18% -> 954.20182
A30: 3. Коммунальные расходы (свет, вода, отопление, связь,интернет, ареднда помещений и др.) | B30: тыс. тенге | C30: 1616 | D30: =C30/4 -> 404 | E30: =D30 -> 404
A31: 4. Текущий ремонт помещений и оборудования | B31: тыс. тенге | C31: 300 | E31: =D31 -> 0
A32: 5. Капитальные расходы (капительный ремонт, приобретение основных средств) | B32: тыс. тенге | C32: 208 | D32: =C32 -> 208 | E32: =D32 -> 208
A33: 6. Прочие расходы (приобретение литературы, канцелярских и хозяйственных товаров и др.) | B33: тыс. тенге | C33: 1862 | D33: =C33 -> 1862 | E33: =D33 -> 1862
C34: =C33+C32+C31+C30+C29+C15 -> 41942.407
